Workbook
Name chart_balance: OFFSET(MortgageCalculator!$J$35,2,0,payments,1)
Name chart_balance_noextra: OFFSET(MortgageCalculator!$S$42,2,0,nper,1)
Name chart_date: OFFSET(MortgageCalculator!$B$35,2,0,nper,1)
Name chart_date_noextra: OFFSET(MortgageCalculator!$N$42,2,0,nper,1)
Name chart_nper: ROW(OFFSET(MortgageCalculator!$A$1,0,0,nper,1))
Name chart_ratehist: OFFSET(MortgageCalculator!$D$35,2,0,payments,1)
Name chart_taxreturned: OFFSET(MortgageCalculator!#REF!,2,0,payments,1)
Name compound_period: INDEX({2,12},MATCH(MortgageCalculator!$E$7,compound_periods,0))
Name compound_periods: {"Semi-Annually";"Monthly"}
Name CP: INDEX({2,12},MATCH(MortgageCalculator!$E$7,compound_periods,0))
Name d: MortgageCalculator!$E$6
Name fpdate: MortgageCalculator!$E$6
Name frequency: {"Monthly";"Semi-Monthly";"Bi-Weekly";"Weekly";"Acc Bi-Weekly";"Acc Weekly"}
Name int: MortgageCalculator!$X$4
Name loan_amount: MortgageCalculator!$E$3
Name monthly_payment: -PMT((((1+MortgageCalculator!A1048572/CP)^(CP/12))-1),term*12,loan_amount)
Name months_per_period: INDEX({1,0.5,0.5,0.25,0.5,0.25},MATCH(MortgageCalculator!$E$8,frequency,0))
Name nper: term*periods_per_year
Name payment: MortgageCalculator!$E$9
Name payments: MAX(MortgageCalculator!$A$37:$A$1603)
Name periods_per_year: INDEX({12,24,26,52,26,52},MATCH(MortgageCalculator!$E$8,frequency,0))
Name ppy: periods_per_year
Name start_rate: MortgageCalculator!$E$4
Name term: MortgageCalculator!$E$5
Name valuevx: 42.314159
Name variable: IF(MortgageCalculator!$I$17="Variable Rate",TRUE,FALSE)

Sheet MortgageCalculator
A1: Home Mortgage Calculator | T1: Extra Payments
A2: Mortgage Information | G2: Balance at a Specified Year | W2: Start at Month No | X2: 1
D3: Loan Amount | E3: 150000 | I3: Balance at Year … | J3: 2 | W3: Extra Regular Payment
D4: Annual Interest Rate | E4: 0.03 | W4: Payment Interval | X4: 1
D5: Term Length (in Years) | E5: 25 | W5: Extra Annual Payment
D6: First Payment Date | E6: 43466 | W6: ="Payment Month (1-"&E32&")" -> Payment Month (1-12) | X6: 1
D7: Compound Period | E7: Monthly | I7: Outstanding Balance | J7: =IF(OFFSET(J35,1+J3*periods_per_year,0,1,1)="",0,OFFSET(J35,1+J3*periods_per_year,0,1,1)) -> 141691.93 | W7: Total Extra Payments | X7: =SUM(G37:H1603) -> 0
D8: Payment Frequency | E8: Monthly | J8: [42]
D9: =E8&" Payment" -> Monthly Payment | E9: =(IF($E$8="Acc Bi-Weekly",ROUND((-PMT((((1+MortgageCalculator!E4/CP)^(CP/12))-1),term*12,loan_amount))/2,2),IF($E$8="Acc Weekly",ROUND((-PMT((((1+MortgageCalculator!E4/CP)^(CP/12))-1),term*12,loan_amount))/4,2),ROUND(-PMT(((1+E4/CP)^(CP/periods_per_year))-1,nper,loan_amount),2)))) -> 711.32
D11: Home Value or Price | E11: =loan_amount -> 150000
E29: Totals Assuming No Extra Payments
D30: Total Payments | E30: =SUM(P42:P1604)+SUM(R42:R1604) -> 213394.67
D31: Total Interest | E31: =E30-loan_amount -> 63394.67
D32: Periods Per Year | E32: =periods_per_year -> 12
A34: Payment Schedule
A35: No. | B35: Payment Date | C35: Year | D35: Interest Rate | E35: Interest Due | F35: Payment Due | G35: Extra Payments | H35: Additional Payment | I35: Principal Paid | J35: Balance
J36: =loan_amount -> 150000
A37: =IF(J36="","",IF(OR(A36>=nper,ROUND(J36,2)<=0),"",A36+1)) -> 1 | B37: =IF(A37="","",IF(OR(periods_per_year=26,periods_per_year=52),IF(periods_per_year=26,IF(A37=1,fpdate,B36+14),IF(periods_per_year=52,IF(A37=1,fpdate,B36+7),"n/a")),IF(periods_per_year=24,DATE(YEAR(fpdate),MONTH(fpdate)+(A37-1)/2+IF(AND(DAY(fpdate)>=15,MOD(A37,2)=0),1,0),IF(MOD(A37,2)=0,IF(DAY(fpdate)>=15,DAY(fpdate)-14,DAY(fpdate)+14),DAY(fpdate))),IF(DAY(DATE(YEAR(fpdate),MONTH(fpdate)+A37-1,DAY(fpdate)))<>DAY(fpdate),DATE(YEAR(fpdate),MONTH(fpdate)+A37,0),DATE(YEAR(fpdate),MONTH(fpdate)+A37-1,DAY(fpdate)))))) -> 43466 | C37: =IF(A37="","",IF(MOD(A37,periods_per_year)=0,A37/periods_per_year,"")) | D37: =IF(A37="","",IF(variable,IF(OR(A37=1,A37<$I$18*periods_per_year),start_rate,MIN($I$19,IF(MOD(A37-1,$I$21)=0,MAX($I$20,D36+$I$22),D36))),start_rate)) -> 0.03 | E37: =IF(A37="","",ROUND((((1+D37/CP)^(CP/periods_per_year))-1)*J36,2)) -> 375 | F37: =IF(A37="","",IF(A37=nper,J36+E37,MIN(J36+E37,IF(D37=D36,F36,IF($E$8="Acc Bi-Weekly",ROUND((-PMT(((1+D37/CP)^(CP/12))-1,(nper-A37+1)*12/26,J36))/2,2),IF($E$8="Acc Weekly",ROUND((-PMT(((1+D37/CP)^(CP/12))-1,(nper-A37+1)*12/52,J36))/4,2),ROUND(-PMT(((1+D37/CP)^(CP/periods_per_year))-1,nper-A37+1,J36),2))))))) -> 711.32 | G37: =IF(OR(A37="",A37<$X$2),"",IF(J36<=F37,0,IF(IF(AND(A37>=$X$2,MOD(A37-$X$2,int)=0),$X$3,0)+F37>=J36+E37,J36+E37-F37,IF(AND(A37>=$X$2,MOD(A37-$X$2,int)=0),$X$3,0)+IF(IF(AND(A37>=$X$2,MOD(A37-$X$2,int)=0),$X$3,0)+IF(MOD(A37-$X$6,periods_per_year)=0,$X$5,0)+F37<J36+E37,IF(MOD(A37-$X$6,periods_per_year)=0,$X$5,0),J36+E37-IF(AND(A37>=$X$2,MOD(A37-$X$2,int)=0),$X$3,0)-F37)))) -> 0 | I37: =IF(A37="","",F37-E37+H37+IF(G37="",0,G37)) -> 336.32 | J37: =IF(A37="","",J36-I37) -> 149663.68
A38: =IF(J37="","",IF(OR(A37>=nper,ROUND(J37,2)<=0),"",A37+1)) -> 2 | B38: =IF(A38="","",IF(OR(periods_per_year=26,periods_per_year=52),IF(periods_per_year=26,IF(A38=1,fpdate,B37+14),IF(periods_per_year=52,IF(A38=1,fpdate,B37+7),"n/a")),IF(periods_per_year=24,DATE(YEAR(fpdate),MONTH(fpdate)+(A38-1)/2+IF(AND(DAY(fpdate)>=15,MOD(A38,2)=0),1,0),IF(MOD(A38,2)=0,IF(DAY(fpdate)>=15,DAY(fpdate)-14,DAY(fpdate)+14),DAY(fpdate))),IF(DAY(DATE(YEAR(fpdate),MONTH(fpdate)+A38-1,DAY(fpdate)))<>DAY(fpdate),DATE(YEAR(fpdate),MONTH(fpdate)+A38,0),DATE(YEAR(fpdate),MONTH(fpdate)+A38-1,DAY(fpdate)))))) -> 43497 | C38: =IF(A38="","",IF(MOD(A38,periods_per_year)=0,A38/periods_per_year,"")) | D38: =IF(A38="","",IF(variable,IF(OR(A38=1,A38<$I$18*periods_per_year),start_rate,MIN($I$19,IF(MOD(A38-1,$I$21)=0,MAX($I$20,D37+$I$22),D37))),start_rate)) -> 0.03 | E38: =IF(A38="","",ROUND((((1+D38/CP)^(CP/periods_per_year))-1)*J37,2)) -> 374.16 | F38: =IF(A38="","",IF(A38=nper,J37+E38,MIN(J37+E38,IF(D38=D37,F37,IF($E$8="Acc Bi-Weekly",ROUND((-PMT(((1+D38/CP)^(CP/12))-1,(nper-A38+1)*12/26,J37))/2,2),IF($E$8="Acc Weekly",ROUND((-PMT(((1+D38/CP)^(CP/12))-1,(nper-A38+1)*12/52,J37))/4,2),ROUND(-PMT(((1+D38/CP)^(CP/periods_per_year))-1,nper-A38+1,J37),2))))))) -> 711.32 | G38: =IF(OR(A38="",A38<$X$2),"",IF(J37<=F38,0,IF(IF(AND(A38>=$X$2,MOD(A38-$X$2,int)=0),$X$3,0)+F38>=J37+E38,J37+E38-F38,IF(AND(A38>=$X$2,MOD(A38-$X$2,int)=0),$X$3,0)+IF(IF(AND(A38>=$X$2,MOD(A38-$X$2,int)=0),$X$3,0)+IF(MOD(A38-$X$6,periods_per_year)=0,$X$5,0)+F38<J37+E38,IF(MOD(A38-$X$6,periods_per_year)=0,$X$5,0),J37+E38-IF(AND(A38>=$X$2,MOD(A38-$X$2,int)=0),$X$3,0)-F38)))) -> 0 | I38: =IF(A38="","",F38-E38+H38+IF(G38="",0,G38)) -> 337.16 | J38: =IF(A38="","",J37-I38) -> 149326.52
A39: =IF(J38="","",IF(OR(A38>=nper,ROUND(J38,2)<=0),"",A38+1)) -> 3 | B39: =IF(A39="","",IF(OR(periods_per_year=26,periods_per_year=52),IF(periods_per_year=26,IF(A39=1,fpdate,B38+14),IF(periods_per_year=52,IF(A39=1,fpdate,B38+7),"n/a")),IF(periods_per_year=24,DATE(YEAR(fpdate),MONTH(fpdate)+(A39-1)/2+IF(AND(DAY(fpdate)>=15,MOD(A39,2)=0),1,0),IF(MOD(A39,2)=0,IF(DAY(fpdate)>=15,DAY(fpdate)-14,DAY(fpdate)+14),DAY(fpdate))),IF(DAY(DATE(YEAR(fpdate),MONTH(fpdate)+A39-1,DAY(fpdate)))<>DAY(fpdate),DATE(YEAR(fpdate),MONTH(fpdate)+A39,0),DATE(YEAR(fpdate),MONTH(fpdate)+A39-1,DAY(fpdate)))))) -> 43525 | C39: =IF(A39="","",IF(MOD(A39,periods_per_year)=0,A39/periods_per_year,"")) | D39: =IF(A39="","",IF(variable,IF(OR(A39=1,A39<$I$18*periods_per_year),start_rate,MIN($I$19,IF(MOD(A39-1,$I$21)=0,MAX($I$20,D38+$I$22),D38))),start_rate)) -> 0.03 | E39: =IF(A39="","",ROUND((((1+D39/CP)^(CP/periods_per_year))-1)*J38,2)) -> 373.32 | F39: =IF(A39="","",IF(A39=nper,J38+E39,MIN(J38+E39,IF(D39=D38,F38,IF($E$8="Acc Bi-Weekly",ROUND((-PMT(((1+D39/CP)^(CP/12))-1,(nper-A39+1)*12/26,J38))/2,2),IF($E$8="Acc Weekly",ROUND((-PMT(((1+D39/CP)^(CP/12))-1,(nper-A39+1)*12/52,J38))/4,2),ROUND(-PMT(((1+D39/CP)^(CP/periods_per_year))-1,nper-A39+1,J38),2))))))) -> 711.32 | G39: =IF(OR(A39="",A39<$X$2),"",IF(J38<=F39,0,IF(IF(AND(A39>=$X$2,MOD(A39-$X$2,int)=0),$X$3,0)+F39>=J38+E39,J38+E39-F39,IF(AND(A39>=$X$2,MOD(A39-$X$2,int)=0),$X$3,0)+IF(IF(AND(A39>=$X$2,MOD(A39-$X$2,int)=0),$X$3,0)+IF(MOD(A39-$X$6,periods_per_year)=0,$X$5,0)+F39<J38+E39,IF(MOD(A39-$X$6,periods_per_year)=0,$X$5,0),J38+E39-IF(AND(A39>=$X$2,MOD(A39-$X$2,int)=0),$X$3,0)-F39)))) -> 0 | I39: =IF(A39="","",F39-E39+H39+IF(G39="",0,G39)) -> 338 | J39: =IF(A39="","",J38-I39) -> 148988.52
A40: =IF(J39="","",IF(OR(A39>=nper,ROUND(J39,2)<=0),"",A39+1)) -> 4 | B40: =IF(A40="","",IF(OR(periods_per_year=26,periods_per_year=52),IF(periods_per_year=26,IF(A40=1,fpdate,B39+14),IF(periods_per_year=52,IF(A40=1,fpdate,B39+7),"n/a")),IF(periods_per_year=24,DATE(YEAR(fpdate),MONTH(fpdate)+(A40-1)/2+IF(AND(DAY(fpdate)>=15,MOD(A40,2)=0),1,0),IF(MOD(A40,2)=0,IF(DAY(fpdate)>=15,DAY(fpdate)-14,DAY(fpdate)+14),DAY(fpdate))),IF(DAY(DATE(YEAR(fpdate),MONTH(fpdate)+A40-1,DAY(fpdate)))<>DAY(fpdate),DATE(YEAR(fpdate),MONTH(fpdate)+A40,0),DATE(YEAR(fpdate),MONTH(fpdate)+A40-1,DAY(fpdate)))))) -> 43556 | C40: =IF(A40="","",IF(MOD(A40,periods_per_year)=0,A40/periods_per_year,"")) | D40: =IF(A40="","",IF(variable,IF(OR(A40=1,A40<$I$18*periods_per_year),start_rate,MIN($I$19,IF(MOD(A40-1,$I$21)=0,MAX($I$20,D39+$I$22),D39))),start_rate)) -> 0.03 | E40: =IF(A40="","",ROUND((((1+D40/CP)^(CP/periods_per_year))-1)*J39,2)) -> 372.47 | F40: =IF(A40="","",IF(A40=nper,J39+E40,MIN(J39+E40,IF(D40=D39,F39,IF($E$8="Acc Bi-Weekly",ROUND((-PMT(((1+D40/CP)^(CP/12))-1,(nper-A40+1)*12/26,J39))/2,2),IF($E$8="Acc Weekly",ROUND((-PMT(((1+D40/CP)^(CP/12))-1,(nper-A40+1)*12/52,J39))/4,2),ROUND(-PMT(((1+D40/CP)^(CP/periods_per_year))-1,nper-A40+1,J39),2))))))) -> 711.32 | G40: =IF(OR(A40="",A40<$X$2),"",IF(J39<=F40,0,IF(IF(AND(A40>=$X$2,MOD(A40-$X$2,int)=0),$X$3,0)+F40>=J39+E40,J39+E40-F40,IF(AND(A40>=$X$2,MOD(A40-$X$2,int)=0),$X$3,0)+IF(IF(AND(A40>=$X$2,MOD(A40-$X$2,int)=0),$X$3,0)+IF(MOD(A40-$X$6,periods_per_year)=0,$X$5,0)+F40<J39+E40,IF(MOD(A40-$X$6,periods_per_year)=0,$X$5,0),J39+E40-IF(AND(A40>=$X$2,MOD(A40-$X$2,int)=0),$X$3,0)-F40)))) -> 0 | I40: =IF(A40="","",F40-E40+H40+IF(G40="",0,G40)) -> 338.85 | J40: =IF(A40="","",J39-I40) -> 148649.67
A41: =IF(J40="","",IF(OR(A40>=nper,ROUND(J40,2)<=0),"",A40+1)) -> 5 | B41: =IF(A41="","",IF(OR(periods_per_year=26,periods_per_year=52),IF(periods_per_year=26,IF(A41=1,fpdate,B40+14),IF(periods_per_year=52,IF(A41=1,fpdate,B40+7),"n/a")),IF(periods_per_year=24,DATE(YEAR(fpdate),MONTH(fpdate)+(A41-1)/2+IF(AND(DAY(fpdate)>=15,MOD(A41,2)=0),1,0),IF(MOD(A41,2)=0,IF(DAY(fpdate)>=15,DAY(fpdate)-14,DAY(fpdate)+14),DAY(fpdate))),IF(DAY(DATE(YEAR(fpdate),MONTH(fpdate)+A41-1,DAY(fpdate)))<>DAY(fpdate),DATE(YEAR(fpdate),MONTH(fpdate)+A41,0),DATE(YEAR(fpdate),MONTH(fpdate)+A41-1,DAY(fpdate)))))) -> 43586 | C41: =IF(A41="","",IF(MOD(A41,periods_per_year)=0,A41/periods_per_year,"")) | D41: =IF(A41="","",IF(variable,IF(OR(A41=1,A41<$I$18*periods_per_year),start_rate,MIN($I$19,IF(MOD(A41-1,$I$21)=0,MAX($I$20,D40+$I$22),D40))),start_rate)) -> 0.03 | E41: =IF(A41="","",ROUND((((1+D41/CP)^(CP/periods_per_year))-1)*J40,2)) -> 371.62 | F41: =IF(A41="","",IF(A41=nper,J40+E41,MIN(J40+E41,IF(D41=D40,F40,IF($E$8="Acc Bi-Weekly",ROUND((-PMT(((1+D41/CP)^(CP/12))-1,(nper-A41+1)*12/26,J40))/2,2),IF($E$8="Acc Weekly",ROUND((-PMT(((1+D41/CP)^(CP/12))-1,(nper-A41+1)*12/52,J40))/4,2),ROUND(-PMT(((1+D41/CP)^(CP/periods_per_year))-1,nper-A41+1,J40),2))))))) -> 711.32 | G41: =IF(OR(A41="",A41<$X$2),"",IF(J40<=F41,0,IF(IF(AND(A41>=$X$2,MOD(A41-$X$2,int)=0),$X$3,0)+F41>=J40+E41,J40+E41-F41,IF(AND(A41>=$X$2,MOD(A41-$X$2,int)=0),$X$3,0)+IF(IF(AND(A41>=$X$2,MOD(A41-$X$2,int)=0),$X$3,0)+IF(MOD(A41-$X$6,periods_per_year)=0,$X$5,0)+F41<J40+E41,IF(MOD(A41-$X$6,periods_per_year)=0,$X$5,0),J40+E41-IF(AND(A41>=$X$2,MOD(A41-$X$2,int)=0),$X$3,0)-F41)))) -> 0 | I41: =IF(A41="","",F41-E41+H41+IF(G41="",0,G41)) -> 339.7 | J41: =IF(A41="","",J40-I41) -> 148309.97 | M41: Regular Payment Schedule (No Extra Payments)
A42: =IF(J41="","",IF(OR(A41>=nper,ROUND(J41,2)<=0),"",A41+1)) -> 6 | B42: =IF(A42="","",IF(OR(periods_per_year=26,periods_per_year=52),IF(periods_per_year=26,IF(A42=1,fpdate,B41+14),IF(periods_per_year=52,IF(A42=1,fpdate,B41+7),"n/a")),IF(periods_per_year=24,DATE(YEAR(fpdate),MONTH(fpdate)+(A42-1)/2+IF(AND(DAY(fpdate)>=15,MOD(A42,2)=0),1,0),IF(MOD(A42,2)=0,IF(DAY(fpdate)>=15,DAY(fpdate)-14,DAY(fpdate)+14),DAY(fpdate))),IF(DAY(DATE(YEAR(fpdate),MONTH(fpdate)+A42-1,DAY(fpdate)))<>DAY(fpdate),DATE(YEAR(fpdate),MONTH(fpdate)+A42,0),DATE(YEAR(fpdate),MONTH(fpdate)+A42-1,DAY(fpdate)))))) -> 43617 | C42: =IF(A42="","",IF(MOD(A42,periods_per_year)=0,A42/periods_per_year,"")) | D42: =IF(A42="","",IF(variable,IF(OR(A42=1,A42<$I$18*periods_per_year),start_rate,MIN($I$19,IF(MOD(A42-1,$I$21)=0,MAX($I$20,D41+$I$22),D41))),start_rate)) -> 0.03 | E42: =IF(A42="","",ROUND((((1+D42/CP)^(CP/periods_per_year))-1)*J41,2)) -> 370.77 | F42: =IF(A42="","",IF(A42=nper,J41+E42,MIN(J41+E42,IF(D42=D41,F41,IF($E$8="Acc Bi-Weekly",ROUND((-PMT(((1+D42/CP)^(CP/12))-1,(nper-A42+1)*12/26,J41))/2,2),IF($E$8="Acc Weekly",ROUND((-PMT(((1+D42/CP)^(CP/12))-1,(nper-A42+1)*12/52,J41))/4,2),ROUND(-PMT(((1+D42/CP)^(CP/periods_per_year))-1,nper-A42+1,J41),2))))))) -> 711.32 | G42: =IF(OR(A42="",A42<$X$2),"",IF(J41<=F42,0,IF(IF(AND(A42>=$X$2,MOD(A42-$X$2,int)=0),$X$3,0)+F42>=J41+E42,J41+E42-F42,IF(AND(A42>=$X$2,MOD(A42-$X$2,int)=0),$X$3,0)+IF(IF(AND(A42>=$X$2,MOD(A42-$X$2,int)=0),$X$3,0)+IF(MOD(A42-$X$6,periods_per_year)=0,$X$5,0)+F42<J41+E42,IF(MOD(A42-$X$6,periods_per_year)=0,$X$5,0),J41+E42-IF(AND(A42>=$X$2,MOD(A42-$X$2,int)=0),$X$3,0)-F42)))) -> 0 | I42: =IF(A42="","",F42-E42+H42+IF(G42="",0,G42)) -> 340.55 | J42: =IF(A42="","",J41-I42) -> 147969.42 | M42: No. | N42: Date | O42: Rate | P42: Interest | Q42: Payment | R42: Principal | S42: Balance
A43: =IF(J42="","",IF(OR(A42>=nper,ROUND(J42,2)<=0),"",A42+1)) -> 7 | B43: =IF(A43="","",IF(OR(periods_per_year=26,periods_per_year=52),IF(periods_per_year=26,IF(A43=1,fpdate,B42+14),IF(periods_per_year=52,IF(A43=1,fpdate,B42+7),"n/a")),IF(periods_per_year=24,DATE(YEAR(fpdate),MONTH(fpdate)+(A43-1)/2+IF(AND(DAY(fpdate)>=15,MOD(A43,2)=0),1,0),IF(MOD(A43,2)=0,IF(DAY(fpdate)>=15,DAY(fpdate)-14,DAY(fpdate)+14),DAY(fpdate))),IF(DAY(DATE(YEAR(fpdate),MONTH(fpdate)+A43-1,DAY(fpdate)))<>DAY(fpdate),DATE(YEAR(fpdate),MONTH(fpdate)+A43,0),DATE(YEAR(fpdate),MONTH(fpdate)+A43-1,DAY(fpdate)))))) -> 43647 | C43: =IF(A43="","",IF(MOD(A43,periods_per_year)=0,A43/periods_per_year,"")) | D43: =IF(A43="","",IF(variable,IF(OR(A43=1,A43<$I$18*periods_per_year),start_rate,MIN($I$19,IF(MOD(A43-1,$I$21)=0,MAX($I$20,D42+$I$22),D42))),start_rate)) -> 0.03 | E43: =IF(A43="","",ROUND((((1+D43/CP)^(CP/periods_per_year))-1)*J42,2)) -> 369.92 | F43: =IF(A43="","",IF(A43=nper,J42+E43,MIN(J42+E43,IF(D43=D42,F42,IF($E$8="Acc Bi-Weekly",ROUND((-PMT(((1+D43/CP)^(CP/12))-1,(nper-A43+1)*12/26,J42))/2,2),IF($E$8="Acc Weekly",ROUND((-PMT(((1+D43/CP)^(CP/12))-1,(nper-A43+1)*12/52,J42))/4,2),ROUND(-PMT(((1+D43/CP)^(CP/periods_per_year))-1,nper-A43+1,J42),2))))))) -> 711.32 | G43: =IF(OR(A43="",A43<$X$2),"",IF(J42<=F43,0,IF(IF(AND(A43>=$X$2,MOD(A43-$X$2,int)=0),$X$3,0)+F43>=J42+E43,J42+E43-F43,IF(AND(A43>=$X$2,MOD(A43-$X$2,int)=0),$X$3,0)+IF(IF(AND(A43>=$X$2,MOD(A43-$X$2,int)=0),$X$3,0)+IF(MOD(A43-$X$6,periods_per_year)=0,$X$5,0)+F43<J42+E43,IF(MOD(A43-$X$6,periods_per_year)=0,$X$5,0),J42+E43-IF(AND(A43>=$X$2,MOD(A43-$X$2,int)=0),$X$3,0)-F43)))) -> 0 | I43: =IF(A43="","",F43-E43+H43+IF(G43="",0,G43)) -> 341.4 | J43: =IF(A43="","",J42-I43) -> 147628.02 | S43: =loan_amount -> 150000
A44: =IF(J43="","",IF(OR(A43>=nper,ROUND(J43,2)<=0),"",A43+1)) -> 8 | B44: =IF(A44="","",IF(OR(periods_per_year=26,periods_per_year=52),IF(periods_per_year=26,IF(A44=1,fpdate,B43+14),IF(periods_per_year=52,IF(A44=1,fpdate,B43+7),"n/a")),IF(periods_per_year=24,DATE(YEAR(fpdate),MONTH(fpdate)+(A44-1)/2+IF(AND(DAY(fpdate)>=15,MOD(A44,2)=0),1,0),IF(MOD(A44,2)=0,IF(DAY(fpdate)>=15,DAY(fpdate)-14,DAY(fpdate)+14),DAY(fpdate))),IF(DAY(DATE(YEAR(fpdate),MONTH(fpdate)+A44-1,DAY(fpdate)))<>DAY(fpdate),DATE(YEAR(fpdate),MONTH(fpdate)+A44,0),DATE(YEAR(fpdate),MONTH(fpdate)+A44-1,DAY(fpdate)))))) -> 43678 | C44: =IF(A44="","",IF(MOD(A44,periods_per_year)=0,A44/periods_per_year,"")) | D44: =IF(A44="","",IF(variable,IF(OR(A44=1,A44<$I$18*periods_per_year),start_rate,MIN($I$19,IF(MOD(A44-1,$I$21)=0,MAX($I$20,D43+$I$22),D43))),start_rate)) -> 0.03 | E44: =IF(A44="","",ROUND((((1+D44/CP)^(CP/periods_per_year))-1)*J43,2)) -> 369.07 | F44: =IF(A44="","",IF(A44=nper,J43+E44,MIN(J43+E44,IF(D44=D43,F43,IF($E$8="Acc Bi-Weekly",ROUND((-PMT(((1+D44/CP)^(CP/12))-1,(nper-A44+1)*12/26,J43))/2,2),IF($E$8="Acc Weekly",ROUND((-PMT(((1+D44/CP)^(CP/12))-1,(nper-A44+1)*12/52,J43))/4,2),ROUND(-PMT(((1+D44/CP)^(CP/periods_per_year))-1,nper-A44+1,J43),2))))))) -> 711.32 | G44: =IF(OR(A44="",A44<$X$2),"",IF(J43<=F44,0,IF(IF(AND(A44>=$X$2,MOD(A44-$X$2,int)=0),$X$3,0)+F44>=J43+E44,J43+E44-F44,IF(AND(A44>=$X$2,MOD(A44-$X$2,int)=0),$X$3,0)+IF(IF(AND(A44>=$X$2,MOD(A44-$X$2,int)=0),$X$3,0)+IF(MOD(A44-$X$6,periods_per_year)=0,$X$5,0)+F44<J43+E44,IF(MOD(A44-$X$6,periods_per_year)=0,$X$5,0),J43+E44-IF(AND(A44>=$X$2,MOD(A44-$X$2,int)=0),$X$3,0)-F44)))) -> 0 | I44: =IF(A44="","",F44-E44+H44+IF(G44="",0,G44)) -> 342.25 | J44: =IF(A44="","",J43-I44) -> 147285.77 | M44: =IF(S43="","",IF(OR(M43>=nper,ROUND(S43,2)<=0),"",M43+1)) -> 1 | N44: =IF(M44="","",IF(OR(periods_per_year=26,periods_per_year=52),IF(periods_per_year=26,IF(M44=1,fpdate,N43+14),IF(periods_per_year=52,IF(M44=1,fpdate,N43+7),"n/a")),IF(periods_per_year=24,DATE(YEAR(fpdate),MONTH(fpdate)+(M44-1)/2+IF(AND(DAY(fpdate)>=15,MOD(M44,2)=0),1,0),IF(MOD(M44,2)=0,IF(DAY(fpdate)>=15,DAY(fpdate)-14,DAY(fpdate)+14),DAY(fpdate))),IF(DAY(DATE(YEAR(fpdate),MONTH(fpdate)+M44-1,DAY(fpdate)))<>DAY(fpdate),DATE(YEAR(fpdate),MONTH(fpdate)+M44,0),DATE(YEAR(fpdate),MONTH(fpdate)+M44-1,DAY(fpdate)))))) -> 43466 | O44: =IF(M44="","",IF(variable,IF(M44<MortgageCalculator!$I$18*periods_per_year,start_rate,IF(MortgageCalculator!$I$22>=0,MIN(MortgageCalculator!$I$19,start_rate+MortgageCalculator!$I$22*ROUNDUP((M44-MortgageCalculator!$I$18*periods_per_year)/MortgageCalculator!$I$21,0)),MAX(MortgageCalculator!$I$20,start_rate+MortgageCalculator!$I$22*ROUNDUP((M44-MortgageCalculator!$I$18*periods_per_year)/MortgageCalculator!$I$21,0)))),start_rate)) -> 0.03 | P44: =IF(M44="","",ROUND((((1+O44/CP)^(CP/periods_per_year))-1)*S43,2)) -> 375 | Q44: =IF(M44="","",IF(M44=nper,S43+P44,MIN(S43+P44,IF(O44=O43,Q43,ROUND(-PMT(((1+O44/CP)^(CP/periods_per_year))-1,nper-M44+1,S43),2))))) -> 711.32 | R44: =IF(M44="","",Q44-P44) -> 336.32 | S44: =IF(M44="","",S43-R44) -> 149663.68
A45: =IF(J44="","",IF(OR(A44>=nper,ROUND(J44,2)<=0),"",A44+1)) -> 9 | B45: =IF(A45="","",IF(OR(periods_per_year=26,periods_per_year=52),IF(periods_per_year=26,IF(A45=1,fpdate,B44+14),IF(periods_per_year=52,IF(A45=1,fpdate,B44+7),"n/a")),IF(periods_per_year=24,DATE(YEAR(fpdate),MONTH(fpdate)+(A45-1)/2+IF(AND(DAY(fpdate)>=15,MOD(A45,2)=0),1,0),IF(MOD(A45,2)=0,IF(DAY(fpdate)>=15,DAY(fpdate)-14,DAY(fpdate)+14),DAY(fpdate))),IF(DAY(DATE(YEAR(fpdate),MONTH(fpdate)+A45-1,DAY(fpdate)))<>DAY(fpdate),DATE(YEAR(fpdate),MONTH(fpdate)+A45,0),DATE(YEAR(fpdate),MONTH(fpdate)+A45-1,DAY(fpdate)))))) -> 43709 | C45: =IF(A45="","",IF(MOD(A45,periods_per_year)=0,A45/periods_per_year,"")) | D45: =IF(A45="","",IF(variable,IF(OR(A45=1,A45<$I$18*periods_per_year),start_rate,MIN($I$19,IF(MOD(A45-1,$I$21)=0,MAX($I$20,D44+$I$22),D44))),start_rate)) -> 0.03 | E45: =IF(A45="","",ROUND((((1+D45/CP)^(CP/periods_per_year))-1)*J44,2)) -> 368.21 | F45: =IF(A45="","",IF(A45=nper,J44+E45,MIN(J44+E45,IF(D45=D44,F44,IF($E$8="Acc Bi-Weekly",ROUND((-PMT(((1+D45/CP)^(CP/12))-1,(nper-A45+1)*12/26,J44))/2,2),IF($E$8="Acc Weekly",ROUND((-PMT(((1+D45/CP)^(CP/12))-1,(nper-A45+1)*12/52,J44))/4,2),ROUND(-PMT(((1+D45/CP)^(CP/periods_per_year))-1,nper-A45+1,J44),2))))))) -> 711.32 | G45: =IF(OR(A45="",A45<$X$2),"",IF(J44<=F45,0,IF(IF(AND(A45>=$X$2,MOD(A45-$X$2,int)=0),$X$3,0)+F45>=J44+E45,J44+E45-F45,IF(AND(A45>=$X$2,MOD(A45-$X$2,int)=0),$X$3,0)+IF(IF(AND(A45>=$X$2,MOD(A45-$X$2,int)=0),$X$3,0)+IF(MOD(A45-$X$6,periods_per_year)=0,$X$5,0)+F45<J44+E45,IF(MOD(A45-$X$6,periods_per_year)=0,$X$5,0),J44+E45-IF(AND(A45>=$X$2,MOD(A45-$X$2,int)=0),$X$3,0)-F45)))) -> 0 | I45: =IF(A45="","",F45-E45+H45+IF(G45="",0,G45)) -> 343.11 | J45: =IF(A45="","",J44-I45) -> 146942.66 | M45: =IF(S44="","",IF(OR(M44>=nper,ROUND(S44,2)<=0),"",M44+1)) -> 2 | N45: =IF(M45="","",IF(OR(periods_per_year=26,periods_per_year=52),IF(periods_per_year=26,IF(M45=1,fpdate,N44+14),IF(periods_per_year=52,IF(M45=1,fpdate,N44+7),"n/a")),IF(periods_per_year=24,DATE(YEAR(fpdate),MONTH(fpdate)+(M45-1)/2+IF(AND(DAY(fpdate)>=15,MOD(M45,2)=0),1,0),IF(MOD(M45,2)=0,IF(DAY(fpdate)>=15,DAY(fpdate)-14,DAY(fpdate)+14),DAY(fpdate))),IF(DAY(DATE(YEAR(fpdate),MONTH(fpdate)+M45-1,DAY(fpdate)))<>DAY(fpdate),DATE(YEAR(fpdate),MONTH(fpdate)+M45,0),DATE(YEAR(fpdate),MONTH(fpdate)+M45-1,DAY(fpdate)))))) -> 43497 | O45: =IF(M45="","",IF(variable,IF(M45<MortgageCalculator!$I$18*periods_per_year,start_rate,IF(MortgageCalculator!$I$22>=0,MIN(MortgageCalculator!$I$19,start_rate+MortgageCalculator!$I$22*ROUNDUP((M45-MortgageCalculator!$I$18*periods_per_year)/MortgageCalculator!$I$21,0)),MAX(MortgageCalculator!$I$20,start_rate+MortgageCalculator!$I$22*ROUNDUP((M45-MortgageCalculator!$I$18*periods_per_year)/MortgageCalculator!$I$21,0)))),start_rate)) -> 0.03 | P45: =IF(M45="","",ROUND((((1+O45/CP)^(CP/periods_per_year))-1)*S44,2)) -> 374.16 | Q45: =IF(M45="","",IF(M45=nper,S44+P45,MIN(S44+P45,IF(O45=O44,Q44,ROUND(-PMT(((1+O45/CP)^(CP/periods_per_year))-1,nper-M45+1,S44),2))))) -> 711.32 | R45: =IF(M45="","",Q45-P45) -> 337.16 | S45: =IF(M45="","",S44-R45) -> 149326.52
A46: =IF(J45="","",IF(OR(A45>=nper,ROUND(J45,2)<=0),"",A45+1)) -> 10 | B46: =IF(A46="","",IF(OR(periods_per_year=26,periods_per_year=52),IF(periods_per_year=26,IF(A46=1,fpdate,B45+14),IF(periods_per_year=52,IF(A46=1,fpdate,B45+7),"n/a")),IF(periods_per_year=24,DATE(YEAR(fpdate),MONTH(fpdate)+(A46-1)/2+IF(AND(DAY(fpdate)>=15,MOD(A46,2)=0),1,0),IF(MOD(A46,2)=0,IF(DAY(fpdate)>=15,DAY(fpdate)-14,DAY(fpdate)+14),DAY(fpdate))),IF(DAY(DATE(YEAR(fpdate),MONTH(fpdate)+A46-1,DAY(fpdate)))<>DAY(fpdate),DATE(YEAR(fpdate),MONTH(fpdate)+A46,0),DATE(YEAR(fpdate),MONTH(fpdate)+A46-1,DAY(fpdate)))))) -> 43739 | C46: =IF(A46="","",IF(MOD(A46,periods_per_year)=0,A46/periods_per_year,"")) | D46: =IF(A46="","",IF(variable,IF(OR(A46=1,A46<$I$18*periods_per_year),start_rate,MIN($I$19,IF(MOD(A46-1,$I$21)=0,MAX($I$20,D45+$I$22),D45))),start_rate)) -> 0.03 | E46: =IF(A46="","",ROUND((((1+D46/CP)^(CP/periods_per_year))-1)*J45,2)) -> 367.36 | F46: =IF(A46="","",IF(A46=nper,J45+E46,MIN(J45+E46,IF(D46=D45,F45,IF($E$8="Acc Bi-Weekly",ROUND((-PMT(((1+D46/CP)^(CP/12))-1,(nper-A46+1)*12/26,J45))/2,2),IF($E$8="Acc Weekly",ROUND((-PMT(((1+D46/CP)^(CP/12))-1,(nper-A46+1)*12/52,J45))/4,2),ROUND(-PMT(((1+D46/CP)^(CP/periods_per_year))-1,nper-A46+1,J45),2))))))) -> 711.32 | G46: =IF(OR(A46="",A46<$X$2),"",IF(J45<=F46,0,IF(IF(AND(A46>=$X$2,MOD(A46-$X$2,int)=0),$X$3,0)+F46>=J45+E46,J45+E46-F46,IF(AND(A46>=$X$2,MOD(A46-$X$2,int)=0),$X$3,0)+IF(IF(AND(A46>=$X$2,MOD(A46-$X$2,int)=0),$X$3,0)+IF(MOD(A46-$X$6,periods_per_year)=0,$X$5,0)+F46<J45+E46,IF(MOD(A46-$X$6,periods_per_year)=0,$X$5,0),J45+E46-IF(AND(A46>=$X$2,MOD(A46-$X$2,int)=0),$X$3,0)-F46)))) -> 0 | I46: =IF(A46="","",F46-E46+H46+IF(G46="",0,G46)) -> 343.96 | J46: =IF(A46="","",J45-I46) -> 146598.7 | M46: =IF(S45="","",IF(OR(M45>=nper,ROUND(S45,2)<=0),"",M45+1)) -> 3 | N46: =IF(M46="","",IF(OR(periods_per_year=26,periods_per_year=52),IF(periods_per_year=26,IF(M46=1,fpdate,N45+14),IF(periods_per_year=52,IF(M46=1,fpdate,N45+7),"n/a")),IF(periods_per_year=24,DATE(YEAR(fpdate),MONTH(fpdate)+(M46-1)/2+IF(AND(DAY(fpdate)>=15,MOD(M46,2)=0),1,0),IF(MOD(M46,2)=0,IF(DAY(fpdate)>=15,DAY(fpdate)-14,DAY(fpdate)+14),DAY(fpdate))),IF(DAY(DATE(YEAR(fpdate),MONTH(fpdate)+M46-1,DAY(fpdate)))<>DAY(fpdate),DATE(YEAR(fpdate),MONTH(fpdate)+M46,0),DATE(YEAR(fpdate),MONTH(fpdate)+M46-1,DAY(fpdate)))))) -> 43525 | O46: =IF(M46="","",IF(variable,IF(M46<MortgageCalculator!$I$18*periods_per_year,start_rate,IF(MortgageCalculator!$I$22>=0,MIN(MortgageCalculator!$I$19,start_rate+MortgageCalculator!$I$22*ROUNDUP((M46-MortgageCalculator!$I$18*periods_per_year)/MortgageCalculator!$I$21,0)),MAX(MortgageCalculator!$I$20,start_rate+MortgageCalculator!$I$22*ROUNDUP((M46-MortgageCalculator!$I$18*periods_per_year)/MortgageCalculator!$I$21,0)))),start_rate)) -> 0.03 | P46: =IF(M46="","",ROUND((((1+O46/CP)^(CP/periods_per_year))-1)*S45,2)) -> 373.32 | Q46: =IF(M46="","",IF(M46=nper,S45+P46,MIN(S45+P46,IF(O46=O45,Q45,ROUND(-PMT(((1+O46/CP)^(CP/periods_per_year))-1,nper-M46+1,S45),2))))) -> 711.32 | R46: =IF(M46="","",Q46-P46) -> 338 | S46: =IF(M46="","",S45-R46) -> 148988.52
A47: =IF(J46="","",IF(OR(A46>=nper,ROUND(J46,2)<=0),"",A46+1)) -> 11 | B47: =IF(A47="","",IF(OR(periods_per_year=26,periods_per_year=52),IF(periods_per_year=26,IF(A47=1,fpdate,B46+14),IF(periods_per_year=52,IF(A47=1,fpdate,B46+7),"n/a")),IF(periods_per_year=24,DATE(YEAR(fpdate),MONTH(fpdate)+(A47-1)/2+IF(AND(DAY(fpdate)>=15,MOD(A47,2)=0),1,0),IF(MOD(A47,2)=0,IF(DAY(fpdate)>=15,DAY(fpdate)-14,DAY(fpdate)+14),DAY(fpdate))),IF(DAY(DATE(YEAR(fpdate),MONTH(fpdate)+A47-1,DAY(fpdate)))<>DAY(fpdate),DATE(YEAR(fpdate),MONTH(fpdate)+A47,0),DATE(YEAR(fpdate),MONTH(fpdate)+A47-1,DAY(fpdate)))))) -> 43770 | C47: =IF(A47="","",IF(MOD(A47,periods_per_year)=0,A47/periods_per_year,"")) | D47: =IF(A47="","",IF(variable,IF(OR(A47=1,A47<$I$18*periods_per_year),start_rate,MIN($I$19,IF(MOD(A47-1,$I$21)=0,MAX($I$20,D46+$I$22),D46))),start_rate)) -> 0.03 | E47: =IF(A47="","",ROUND((((1+D47/CP)^(CP/periods_per_year))-1)*J46,2)) -> 366.5 | F47: =IF(A47="","",IF(A47=nper,J46+E47,MIN(J46+E47,IF(D47=D46,F46,IF($E$8="Acc Bi-Weekly",ROUND((-PMT(((1+D47/CP)^(CP/12))-1,(nper-A47+1)*12/26,J46))/2,2),IF($E$8="Acc Weekly",ROUND((-PMT(((1+D47/CP)^(CP/12))-1,(nper-A47+1)*12/52,J46))/4,2),ROUND(-PMT(((1+D47/CP)^(CP/periods_per_year))-1,nper-A47+1,J46),2))))))) -> 711.32 | G47: =IF(OR(A47="",A47<$X$2),"",IF(J46<=F47,0,IF(IF(AND(A47>=$X$2,MOD(A47-$X$2,int)=0),$X$3,0)+F47>=J46+E47,J46+E47-F47,IF(AND(A47>=$X$2,MOD(A47-$X$2,int)=0),$X$3,0)+IF(IF(AND(A47>=$X$2,MOD(A47-$X$2,int)=0),$X$3,0)+IF(MOD(A47-$X$6,periods_per_year)=0,$X$5,0)+F47<J46+E47,IF(MOD(A47-$X$6,periods_per_year)=0,$X$5,0),J46+E47-IF(AND(A47>=$X$2,MOD(A47-$X$2,int)=0),$X$3,0)-F47)))) -> 0 | I47: =IF(A47="","",F47-E47+H47+IF(G47="",0,G47)) -> 344.82 | J47: =IF(A47="","",J46-I47) -> 146253.88 | M47: =IF(S46="","",IF(OR(M46>=nper,ROUND(S46,2)<=0),"",M46+1)) -> 4 | N47: =IF(M47="","",IF(OR(periods_per_year=26,periods_per_year=52),IF(periods_per_year=26,IF(M47=1,fpdate,N46+14),IF(periods_per_year=52,IF(M47=1,fpdate,N46+7),"n/a")),IF(periods_per_year=24,DATE(YEAR(fpdate),MONTH(fpdate)+(M47-1)/2+IF(AND(DAY(fpdate)>=15,MOD(M47,2)=0),1,0),IF(MOD(M47,2)=0,IF(DAY(fpdate)>=15,DAY(fpdate)-14,DAY(fpdate)+14),DAY(fpdate))),IF(DAY(DATE(YEAR(fpdate),MONTH(fpdate)+M47-1,DAY(fpdate)))<>DAY(fpdate),DATE(YEAR(fpdate),MONTH(fpdate)+M47,0),DATE(YEAR(fpdate),MONTH(fpdate)+M47-1,DAY(fpdate)))))) -> 43556 | O47: =IF(M47="","",IF(variable,IF(M47<MortgageCalculator!$I$18*periods_per_year,start_rate,IF(MortgageCalculator!$I$22>=0,MIN(MortgageCalculator!$I$19,start_rate+MortgageCalculator!$I$22*ROUNDUP((M47-MortgageCalculator!$I$18*periods_per_year)/MortgageCalculator!$I$21,0)),MAX(MortgageCalculator!$I$20,start_rate+MortgageCalculator!$I$22*ROUNDUP((M47-MortgageCalculator!$I$18*periods_per_year)/MortgageCalculator!$I$21,0)))),start_rate)) -> 0.03 | P47: =IF(M47="","",ROUND((((1+O47/CP)^(CP/periods_per_year))-1)*S46,2)) -> 372.47 | Q47: =IF(M47="","",IF(M47=nper,S46+P47,MIN(S46+P47,IF(O47=O46,Q46,ROUND(-PMT(((1+O47/CP)^(CP/periods_per_year))-1,nper-M47+1,S46),2))))) -> 711.32 | R47: =IF(M47="","",Q47-P47) -> 338.85 | S47: =IF(M47="","",S46-R47) -> 148649.67
A48: =IF(J47="","",IF(OR(A47>=nper,ROUND(J47,2)<=0),"",A47+1)) -> 12 | B48: =IF(A48="","",IF(OR(periods_per_year=26,periods_per_year=52),IF(periods_per_year=26,IF(A48=1,fpdate,B47+14),IF(periods_per_year=52,IF(A48=1,fpdate,B47+7),"n/a")),IF(periods_per_year=24,DATE(YEAR(fpdate),MONTH(fpdate)+(A48-1)/2+IF(AND(DAY(fpdate)>=15,MOD(A48,2)=0),1,0),IF(MOD(A48,2)=0,IF(DAY(fpdate)>=15,DAY(fpdate)-14,DAY(fpdate)+14),DAY(fpdate))),IF(DAY(DATE(YEAR(fpdate),MONTH(fpdate)+A48-1,DAY(fpdate)))<>DAY(fpdate),DATE(YEAR(fpdate),MONTH(fpdate)+A48,0),DATE(YEAR(fpdate),MONTH(fpdate)+A48-1,DAY(fpdate)))))) -> 43800 | C48: =IF(A48="","",IF(MOD(A48,periods_per_year)=0,A48/periods_per_year,"")) -> 1 | D48: =IF(A48="","",IF(variable,IF(OR(A48=1,A48<$I$18*periods_per_year),start_rate,MIN($I$19,IF(MOD(A48-1,$I$21)=0,MAX($I$20,D47+$I$22),D47))),start_rate)) -> 0.03 | E48: =IF(A48="","",ROUND((((1+D48/CP)^(CP/periods_per_year))-1)*J47,2)) -> 365.63 | F48: =IF(A48="","",IF(A48=nper,J47+E48,MIN(J47+E48,IF(D48=D47,F47,IF($E$8="Acc Bi-Weekly",ROUND((-PMT(((1+D48/CP)^(CP/12))-1,(nper-A48+1)*12/26,J47))/2,2),IF($E$8="Acc Weekly",ROUND((-PMT(((1+D48/CP)^(CP/12))-1,(nper-A48+1)*12/52,J47))/4,2),ROUND(-PMT(((1+D48/CP)^(CP/periods_per_year))-1,nper-A48+1,J47),2))))))) -> 711.32 | G48: =IF(OR(A48="",A48<$X$2),"",IF(J47<=F48,0,IF(IF(AND(A48>=$X$2,MOD(A48-$X$2,int)=0),$X$3,0)+F48>=J47+E48,J47+E48-F48,IF(AND(A48>=$X$2,MOD(A48-$X$2,int)=0),$X$3,0)+IF(IF(AND(A48>=$X$2,MOD(A48-$X$2,int)=0),$X$3,0)+IF(MOD(A48-$X$6,periods_per_year)=0,$X$5,0)+F48<J47+E48,IF(MOD(A48-$X$6,periods_per_year)=0,$X$5,0),J47+E48-IF(AND(A48>=$X$2,MOD(A48-$X$2,int)=0),$X$3,0)-F48)))) -> 0 | I48: =IF(A48="","",F48-E48+H48+IF(G48="",0,G48)) -> 345.69 | J48: =IF(A48="","",J47-I48) -> 145908.19 | M48: =IF(S47="","",IF(OR(M47>=nper,ROUND(S47,2)<=0),"",M47+1)) -> 5 | N48: =IF(M48="","",IF(OR(periods_per_year=26,periods_per_year=52),IF(periods_per_year=26,IF(M48=1,fpdate,N47+14),IF(periods_per_year=52,IF(M48=1,fpdate,N47+7),"n/a")),IF(periods_per_year=24,DATE(YEAR(fpdate),MONTH(fpdate)+(M48-1)/2+IF(AND(DAY(fpdate)>=15,MOD(M48,2)=0),1,0),IF(MOD(M48,2)=0,IF(DAY(fpdate)>=15,DAY(fpdate)-14,DAY(fpdate)+14),DAY(fpdate))),IF(DAY(DATE(YEAR(fpdate),MONTH(fpdate)+M48-1,DAY(fpdate)))<>DAY(fpdate),DATE(YEAR(fpdate),MONTH(fpdate)+M48,0),DATE(YEAR(fpdate),MONTH(fpdate)+M48-1,DAY(fpdate)))))) -> 43586 | O48: =IF(M48="","",IF(variable,IF(M48<MortgageCalculator!$I$18*periods_per_year,start_rate,IF(MortgageCalculator!$I$22>=0,MIN(MortgageCalculator!$I$19,start_rate+MortgageCalculator!$I$22*ROUNDUP((M48-MortgageCalculator!$I$18*periods_per_year)/MortgageCalculator!$I$21,0)),MAX(MortgageCalculator!$I$20,start_rate+MortgageCalculator!$I$22*ROUNDUP((M48-MortgageCalculator!$I$18*periods_per_year)/MortgageCalculator!$I$21,0)))),start_rate)) -> 0.03 | P48: =IF(M48="","",ROUND((((1+O48/CP)^(CP/periods_per_year))-1)*S47,2)) -> 371.62 | Q48: =IF(M48="","",IF(M48=nper,S47+P48,MIN(S47+P48,IF(O48=O47,Q47,ROUND(-PMT(((1+O48/CP)^(CP/periods_per_year))-1,nper-M48+1,S47),2))))) -> 711.32 | R48: =IF(M48="","",Q48-P48) -> 339.7 | S48: =IF(M48="","",S47-R48) -> 148309.97
A49: =IF(J48="","",IF(OR(A48>=nper,ROUND(J48,2)<=0),"",A48+1)) -> 13 | B49: =IF(A49="","",IF(OR(periods_per_year=26,periods_per_year=52),IF(periods_per_year=26,IF(A49=1,fpdate,B48+14),IF(periods_per_year=52,IF(A49=1,fpdate,B48+7),"n/a")),IF(periods_per_year=24,DATE(YEAR(fpdate),MONTH(fpdate)+(A49-1)/2+IF(AND(DAY(fpdate)>=15,MOD(A49,2)=0),1,0),IF(MOD(A49,2)=0,IF(DAY(fpdate)>=15,DAY(fpdate)-14,DAY(fpdate)+14),DAY(fpdate))),IF(DAY(DATE(YEAR(fpdate),MONTH(fpdate)+A49-1,DAY(fpdate)))<>DAY(fpdate),DATE(YEAR(fpdate),MONTH(fpdate)+A49,0),DATE(YEAR(fpdate),MONTH(fpdate)+A49-1,DAY(fpdate)))))) -> 43831 | C49: =IF(A49="","",IF(MOD(A49,periods_per_year)=0,A49/periods_per_year,"")) | D49: =IF(A49="","",IF(variable,IF(OR(A49=1,A49<$I$18*periods_per_year),start_rate,MIN($I$19,IF(MOD(A49-1,$I$21)=0,MAX($I$20,D48+$I$22),D48))),start_rate)) -> 0.03 | E49: =IF(A49="","",ROUND((((1+D49/CP)^(CP/periods_per_year))-1)*J48,2)) -> 364.77 | F49: =IF(A49="","",IF(A49=nper,J48+E49,MIN(J48+E49,IF(D49=D48,F48,IF($E$8="Acc Bi-Weekly",ROUND((-PMT(((1+D49/CP)^(CP/12))-1,(nper-A49+1)*12/26,J48))/2,2),IF($E$8="Acc Weekly",ROUND((-PMT(((1+D49/CP)^(CP/12))-1,(nper-A49+1)*12/52,J48))/4,2),ROUND(-PMT(((1+D49/CP)^(CP/periods_per_year))-1,nper-A49+1,J48),2))))))) -> 711.32 | G49: =IF(OR(A49="",A49<$X$2),"",IF(J48<=F49,0,IF(IF(AND(A49>=$X$2,MOD(A49-$X$2,int)=0),$X$3,0)+F49>=J48+E49,J48+E49-F49,IF(AND(A49>=$X$2,MOD(A49-$X$2,int)=0),$X$3,0)+IF(IF(AND(A49>=$X$2,MOD(A49-$X$2,int)=0),$X$3,0)+IF(MOD(A49-$X$6,periods_per_year)=0,$X$5,0)+F49<J48+E49,IF(MOD(A49-$X$6,periods_per_year)=0,$X$5,0),J48+E49-IF(AND(A49>=$X$2,MOD(A49-$X$2,int)=0),$X$3,0)-F49)))) -> 0 | I49: =IF(A49="","",F49-E49+H49+IF(G49="",0,G49)) -> 346.55 | J49: =IF(A49="","",J48-I49) -> 145561.64 | M49: =IF(S48="","",IF(OR(M48>=nper,ROUND(S48,2)<=0),"",M48+1)) -> 6 | N49: =IF(M49="","",IF(OR(periods_per_year=26,periods_per_year=52),IF(periods_per_year=26,IF(M49=1,fpdate,N48+14),IF(periods_per_year=52,IF(M49=1,fpdate,N48+7),"n/a")),IF(periods_per_year=24,DATE(YEAR(fpdate),MONTH(fpdate)+(M49-1)/2+IF(AND(DAY(fpdate)>=15,MOD(M49,2)=0),1,0),IF(MOD(M49,2)=0,IF(DAY(fpdate)>=15,DAY(fpdate)-14,DAY(fpdate)+14),DAY(fpdate))),IF(DAY(DATE(YEAR(fpdate),MONTH(fpdate)+M49-1,DAY(fpdate)))<>DAY(fpdate),DATE(YEAR(fpdate),MONTH(fpdate)+M49,0),DATE(YEAR(fpdate),MONTH(fpdate)+M49-1,DAY(fpdate)))))) -> 43617 | O49: =IF(M49="","",IF(variable,IF(M49<MortgageCalculator!$I$18*periods_per_year,start_rate,IF(MortgageCalculator!$I$22>=0,MIN(MortgageCalculator!$I$19,start_rate+MortgageCalculator!$I$22*ROUNDUP((M49-MortgageCalculator!$I$18*periods_per_year)/MortgageCalculator!$I$21,0)),MAX(MortgageCalculator!$I$20,start_rate+MortgageCalculator!$I$22*ROUNDUP((M49-MortgageCalculator!$I$18*periods_per_year)/MortgageCalculator!$I$21,0)))),start_rate)) -> 0.03 | P49: =IF(M49="","",ROUND((((1+O49/CP)^(CP/periods_per_year))-1)*S48,2)) -> 370.77 | Q49: =IF(M49="","",IF(M49=nper,S48+P49,MIN(S48+P49,IF(O49=O48,Q48,ROUND(-PMT(((1+O49/CP)^(CP/periods_per_year))-1,nper-M49+1,S48),2))))) -> 711.32 | R49: =IF(M49="","",Q49-P49) -> 340.55 | S49: =IF(M49="","",S48-R49) -> 147969.42
A50: =IF(J49="","",IF(OR(A49>=nper,ROUND(J49,2)<=0),"",A49+1)) -> 14 | B50: =IF(A50="","",IF(OR(periods_per_year=26,periods_per_year=52),IF(periods_per_year=26,IF(A50=1,fpdate,B49+14),IF(periods_per_year=52,IF(A50=1,fpdate,B49+7),"n/a")),IF(periods_per_year=24,DATE(YEAR(fpdate),MONTH(fpdate)+(A50-1)/2+IF(AND(DAY(fpdate)>=15,MOD(A50,2)=0),1,0),IF(MOD(A50,2)=0,IF(DAY(fpdate)>=15,DAY(fpdate)-14,DAY(fpdate)+14),DAY(fpdate))),IF(DAY(DATE(YEAR(fpdate),MONTH(fpdate)+A50-1,DAY(fpdate)))<>DAY(fpdate),DATE(YEAR(fpdate),MONTH(fpdate)+A50,0),DATE(YEAR(fpdate),MONTH(fpdate)+A50-1,DAY(fpdate)))))) -> 43862 | C50: =IF(A50="","",IF(MOD(A50,periods_per_year)=0,A50/periods_per_year,"")) | D50: =IF(A50="","",IF(variable,IF(OR(A50=1,A50<$I$18*periods_per_year),start_rate,MIN($I$19,IF(MOD(A50-1,$I$21)=0,MAX($I$20,D49+$I$22),D49))),start_rate)) -> 0.03 | E50: =IF(A50="","",ROUND((((1+D50/CP)^(CP/periods_per_year))-1)*J49,2)) -> 363.9 | F50: =IF(A50="","",IF(A50=nper,J49+E50,MIN(J49+E50,IF(D50=D49,F49,IF($E$8="Acc Bi-Weekly",ROUND((-PMT(((1+D50/CP)^(CP/12))-1,(nper-A50+1)*12/26,J49))/2,2),IF($E$8="Acc Weekly",ROUND((-PMT(((1+D50/CP)^(CP/12))-1,(nper-A50+1)*12/52,J49))/4,2),ROUND(-PMT(((1+D50/CP)^(CP/periods_per_year))-1,nper-A50+1,J49),2))))))) -> 711.32 | G50: =IF(OR(A50="",A50<$X$2),"",IF(J49<=F50,0,IF(IF(AND(A50>=$X$2,MOD(A50-$X$2,int)=0),$X$3,0)+F50>=J49+E50,J49+E50-F50,IF(AND(A50>=$X$2,MOD(A50-$X$2,int)=0),$X$3,0)+IF(IF(AND(A50>=$X$2,MOD(A50-$X$2,int)=0),$X$3,0)+IF(MOD(A50-$X$6,periods_per_year)=0,$X$5,0)+F50<J49+E50,IF(MOD(A50-$X$6,periods_per_year)=0,$X$5,0),J49+E50-IF(AND(A50>=$X$2,MOD(A50-$X$2,int)=0),$X$3,0)-F50)))) -> 0 | I50: =IF(A50="","",F50-E50+H50+IF(G50="",0,G50)) -> 347.42 | J50: =IF(A50="","",J49-I50) -> 145214.22 | M50: =IF(S49="","",IF(OR(M49>=nper,ROUND(S49,2)<=0),"",M49+1)) -> 7 | N50: =IF(M50="","",IF(OR(periods_per_year=26,periods_per_year=52),IF(periods_per_year=26,IF(M50=1,fpdate,N49+14),IF(periods_per_year=52,IF(M50=1,fpdate,N49+7),"n/a")),IF(periods_per_year=24,DATE(YEAR(fpdate),MONTH(fpdate)+(M50-1)/2+IF(AND(DAY(fpdate)>=15,MOD(M50,2)=0),1,0),IF(MOD(M50,2)=0,IF(DAY(fpdate)>=15,DAY(fpdate)-14,DAY(fpdate)+14),DAY(fpdate))),IF(DAY(DATE(YEAR(fpdate),MONTH(fpdate)+M50-1,DAY(fpdate)))<>DAY(fpdate),DATE(YEAR(fpdate),MONTH(fpdate)+M50,0),DATE(YEAR(fpdate),MONTH(fpdate)+M50-1,DAY(fpdate)))))) -> 43647 | O50: =IF(M50="","",IF(variable,IF(M50<MortgageCalculator!$I$18*periods_per_year,start_rate,IF(MortgageCalculator!$I$22>=0,MIN(MortgageCalculator!$I$19,start_rate+MortgageCalculator!$I$22*ROUNDUP((M50-MortgageCalculator!$I$18*periods_per_year)/MortgageCalculator!$I$21,0)),MAX(MortgageCalculator!$I$20,start_rate+MortgageCalculator!$I$22*ROUNDUP((M50-MortgageCalculator!$I$18*periods_per_year)/MortgageCalculator!$I$21,0)))),start_rate)) -> 0.03 | P50: =IF(M50="","",ROUND((((1+O50/CP)^(CP/periods_per_year))-1)*S49,2)) -> 369.92 | Q50: =IF(M50="","",IF(M50=nper,S49+P50,MIN(S49+P50,IF(O50=O49,Q49,ROUND(-PMT(((1+O50/CP)^(CP/periods_per_year))-1,nper-M50+1,S49),2))))) -> 711.32 | R50: =IF(M50="","",Q50-P50) -> 341.4 | S50: =IF(M50="","",S49-R50) -> 147628.02
A51: =IF(J50="","",IF(OR(A50>=nper,ROUND(J50,2)<=0),"",A50+1)) -> 15 | B51: =IF(A51="","",IF(OR(periods_per_year=26,periods_per_year=52),IF(periods_per_year=26,IF(A51=1,fpdate,B50+14),IF(periods_per_year=52,IF(A51=1,fpdate,B50+7),"n/a")),IF(periods_per_year=24,DATE(YEAR(fpdate),MONTH(fpdate)+(A51-1)/2+IF(AND(DAY(fpdate)>=15,MOD(A51,2)=0),1,0),IF(MOD(A51,2)=0,IF(DAY(fpdate)>=15,DAY(fpdate)-14,DAY(fpdate)+14),DAY(fpdate))),IF(DAY(DATE(YEAR(fpdate),MONTH(fpdate)+A51-1,DAY(fpdate)))<>DAY(fpdate),DATE(YEAR(fpdate),MONTH(fpdate)+A51,0),DATE(YEAR(fpdate),MONTH(fpdate)+A51-1,DAY(fpdate)))))) -> 43891 | C51: =IF(A51="","",IF(MOD(A51,periods_per_year)=0,A51/periods_per_year,"")) | D51: =IF(A51="","",IF(variable,IF(OR(A51=1,A51<$I$18*periods_per_year),start_rate,MIN($I$19,IF(MOD(A51-1,$I$21)=0,MAX($I$20,D50+$I$22),D50))),start_rate)) -> 0.03 | E51: =IF(A51="","",ROUND((((1+D51/CP)^(CP/periods_per_year))-1)*J50,2)) -> 363.04 | F51: =IF(A51="","",IF(A51=nper,J50+E51,MIN(J50+E51,IF(D51=D50,F50,IF($E$8="Acc Bi-Weekly",ROUND((-PMT(((1+D51/CP)^(CP/12))-1,(nper-A51+1)*12/26,J50))/2,2),IF($E$8="Acc Weekly",ROUND((-PMT(((1+D51/CP)^(CP/12))-1,(nper-A51+1)*12/52,J50))/4,2),ROUND(-PMT(((1+D51/CP)^(CP/periods_per_year))-1,nper-A51+1,J50),2))))))) -> 711.32 | G51: =IF(OR(A51="",A51<$X$2),"",IF(J50<=F51,0,IF(IF(AND(A51>=$X$2,MOD(A51-$X$2,int)=0),$X$3,0)+F51>=J50+E51,J50+E51-F51,IF(AND(A51>=$X$2,MOD(A51-$X$2,int)=0),$X$3,0)+IF(IF(AND(A51>=$X$2,MOD(A51-$X$2,int)=0),$X$3,0)+IF(MOD(A51-$X$6,periods_per_year)=0,$X$5,0)+F51<J50+E51,IF(MOD(A51-$X$6,periods_per_year)=0,$X$5,0),J50+E51-IF(AND(A51>=$X$2,MOD(A51-$X$2,int)=0),$X$3,0)-F51)))) -> 0 | I51: =IF(A51="","",F51-E51+H51+IF(G51="",0,G51)) -> 348.28 | J51: =IF(A51="","",J50-I51) -> 144865.94 | M51: =IF(S50="","",IF(OR(M50>=nper,ROUND(S50,2)<=0),"",M50+1)) -> 8 | N51: =IF(M51="","",IF(OR(periods_per_year=26,periods_per_year=52),IF(periods_per_year=26,IF(M51=1,fpdate,N50+14),IF(periods_per_year=52,IF(M51=1,fpdate,N50+7),"n/a")),IF(periods_per_year=24,DATE(YEAR(fpdate),MONTH(fpdate)+(M51-1)/2+IF(AND(DAY(fpdate)>=15,MOD(M51,2)=0),1,0),IF(MOD(M51,2)=0,IF(DAY(fpdate)>=15,DAY(fpdate)-14,DAY(fpdate)+14),DAY(fpdate))),IF(DAY(DATE(YEAR(fpdate),MONTH(fpdate)+M51-1,DAY(fpdate)))<>DAY(fpdate),DATE(YEAR(fpdate),MONTH(fpdate)+M51,0),DATE(YEAR(fpdate),MONTH(fpdate)+M51-1,DAY(fpdate)))))) -> 43678 | O51: =IF(M51="","",IF(variable,IF(M51<MortgageCalculator!$I$18*periods_per_year,start_rate,IF(MortgageCalculator!$I$22>=0,MIN(MortgageCalculator!$I$19,start_rate+MortgageCalculator!$I$22*ROUNDUP((M51-MortgageCalculator!$I$18*periods_per_year)/MortgageCalculator!$I$21,0)),MAX(MortgageCalculator!$I$20,start_rate+MortgageCalculator!$I$22*ROUNDUP((M51-MortgageCalculator!$I$18*periods_per_year)/MortgageCalculator!$I$21,0)))),start_rate)) -> 0.03 | P51: =IF(M51="","",ROUND((((1+O51/CP)^(CP/periods_per_year))-1)*S50,2)) -> 369.07 | Q51: =IF(M51="","",IF(M51=nper,S50+P51,MIN(S50+P51,IF(O51=O50,Q50,ROUND(-PMT(((1+O51/CP)^(CP/periods_per_year))-1,nper-M51+1,S50),2))))) -> 711.32 | R51: =IF(M51="","",Q51-P51) -> 342.25 | S51: =IF(M51="","",S50-R51) -> 147285.77
A52: =IF(J51="","",IF(OR(A51>=nper,ROUND(J51,2)<=0),"",A51+1)) -> 16 | B52: =IF(A52="","",IF(OR(periods_per_year=26,periods_per_year=52),IF(periods_per_year=26,IF(A52=1,fpdate,B51+14),IF(periods_per_year=52,IF(A52=1,fpdate,B51+7),"n/a")),IF(periods_per_year=24,DATE(YEAR(fpdate),MONTH(fpdate)+(A52-1)/2+IF(AND(DAY(fpdate)>=15,MOD(A52,2)=0),1,0),IF(MOD(A52,2)=0,IF(DAY(fpdate)>=15,DAY(fpdate)-14,DAY(fpdate)+14),DAY(fpdate))),IF(DAY(DATE(YEAR(fpdate),MONTH(fpdate)+A52-1,DAY(fpdate)))<>DAY(fpdate),DATE(YEAR(fpdate),MONTH(fpdate)+A52,0),DATE(YEAR(fpdate),MONTH(fpdate)+A52-1,DAY(fpdate)))))) -> 43922 | C52: =IF(A52="","",IF(MOD(A52,periods_per_year)=0,A52/periods_per_year,"")) | D52: =IF(A52="","",IF(variable,IF(OR(A52=1,A52<$I$18*periods_per_year),start_rate,MIN($I$19,IF(MOD(A52-1,$I$21)=0,MAX($I$20,D51+$I$22),D51))),start_rate)) -> 0.03 | E52: =IF(A52="","",ROUND((((1+D52/CP)^(CP/periods_per_year))-1)*J51,2)) -> 362.16 | F52: =IF(A52="","",IF(A52=nper,J51+E52,MIN(J51+E52,IF(D52=D51,F51,IF($E$8="Acc Bi-Weekly",ROUND((-PMT(((1+D52/CP)^(CP/12))-1,(nper-A52+1)*12/26,J51))/2,2),IF($E$8="Acc Weekly",ROUND((-PMT(((1+D52/CP)^(CP/12))-1,(nper-A52+1)*12/52,J51))/4,2),ROUND(-PMT(((1+D52/CP)^(CP/periods_per_year))-1,nper-A52+1,J51),2))))))) -> 711.32 | G52: =IF(OR(A52="",A52<$X$2),"",IF(J51<=F52,0,IF(IF(AND(A52>=$X$2,MOD(A52-$X$2,int)=0),$X$3,0)+F52>=J51+E52,J51+E52-F52,IF(AND(A52>=$X$2,MOD(A52-$X$2,int)=0),$X$3,0)+IF(IF(AND(A52>=$X$2,MOD(A52-$X$2,int)=0),$X$3,0)+IF(MOD(A52-$X$6,periods_per_year)=0,$X$5,0)+F52<J51+E52,IF(MOD(A52-$X$6,periods_per_year)=0,$X$5,0),J51+E52-IF(AND(A52>=$X$2,MOD(A52-$X$2,int)=0),$X$3,0)-F52)))) -> 0 | I52: =IF(A52="","",F52-E52+H52+IF(G52="",0,G52)) -> 349.16 | J52: =IF(A52="","",J51-I52) -> 144516.78 | M52: =IF(S51="","",IF(OR(M51>=nper,ROUND(S51,2)<=0),"",M51+1)) -> 9 | N52: =IF(M52="","",IF(OR(periods_per_year=26,periods_per_year=52),IF(periods_per_year=26,IF(M52=1,fpdate,N51+14),IF(periods_per_year=52,IF(M52=1,fpdate,N51+7),"n/a")),IF(periods_per_year=24,DATE(YEAR(fpdate),MONTH(fpdate)+(M52-1)/2+IF(AND(DAY(fpdate)>=15,MOD(M52,2)=0),1,0),IF(MOD(M52,2)=0,IF(DAY(fpdate)>=15,DAY(fpdate)-14,DAY(fpdate)+14),DAY(fpdate))),IF(DAY(DATE(YEAR(fpdate),MONTH(fpdate)+M52-1,DAY(fpdate)))<>DAY(fpdate),DATE(YEAR(fpdate),MONTH(fpdate)+M52,0),DATE(YEAR(fpdate),MONTH(fpdate)+M52-1,DAY(fpdate)))))) -> 43709 | O52: =IF(M52="","",IF(variable,IF(M52<MortgageCalculator!$I$18*periods_per_year,start_rate,IF(MortgageCalculator!$I$22>=0,MIN(MortgageCalculator!$I$19,start_rate+MortgageCalculator!$I$22*ROUNDUP((M52-MortgageCalculator!$I$18*periods_per_year)/MortgageCalculator!$I$21,0)),MAX(MortgageCalculator!$I$20,start_rate+MortgageCalculator!$I$22*ROUNDUP((M52-MortgageCalculator!$I$18*periods_per_year)/MortgageCalculator!$I$21,0)))),start_rate)) -> 0.03 | P52: =IF(M52="","",ROUND((((1+O52/CP)^(CP/periods_per_year))-1)*S51,2)) -> 368.21 | Q52: =IF(M52="","",IF(M52=nper,S51+P52,MIN(S51+P52,IF(O52=O51,Q51,ROUND(-PMT(((1+O52/CP)^(CP/periods_per_year))-1,nper-M52+1,S51),2))))) -> 711.32 | R52: =IF(M52="","",Q52-P52) -> 343.11 | S52: =IF(M52="","",S51-R52) -> 146942.66
A53: =IF(J52="","",IF(OR(A52>=nper,ROUND(J52,2)<=0),"",A52+1)) -> 17 | B53: =IF(A53="","",IF(OR(periods_per_year=26,periods_per_year=52),IF(periods_per_year=26,IF(A53=1,fpdate,B52+14),IF(periods_per_year=52,IF(A53=1,fpdate,B52+7),"n/a")),IF(periods_per_year=24,DATE(YEAR(fpdate),MONTH(fpdate)+(A53-1)/2+IF(AND(DAY(fpdate)>=15,MOD(A53,2)=0),1,0),IF(MOD(A53,2)=0,IF(DAY(fpdate)>=15,DAY(fpdate)-14,DAY(fpdate)+14),DAY(fpdate))),IF(DAY(DATE(YEAR(fpdate),MONTH(fpdate)+A53-1,DAY(fpdate)))<>DAY(fpdate),DATE(YEAR(fpdate),MONTH(fpdate)+A53,0),DATE(YEAR(fpdate),MONTH(fpdate)+A53-1,DAY(fpdate)))))) -> 43952 | C53: =IF(A53="","",IF(MOD(A53,periods_per_year)=0,A53/periods_per_year,"")) | D53: =IF(A53="","",IF(variable,IF(OR(A53=1,A53<$I$18*periods_per_year),start_rate,MIN($I$19,IF(MOD(A53-1,$I$21)=0,MAX($I$20,D52+$I$22),D52))),start_rate)) -> 0.03 | E53: =IF(A53="","",ROUND((((1+D53/CP)^(CP/periods_per_year))-1)*J52,2)) -> 361.29 | F53: =IF(A53="","",IF(A53=nper,J52+E53,MIN(J52+E53,IF(D53=D52,F52,IF($E$8="Acc Bi-Weekly",ROUND((-PMT(((1+D53/CP)^(CP/12))-1,(nper-A53+1)*12/26,J52))/2,2),IF($E$8="Acc Weekly",ROUND((-PMT(((1+D53/CP)^(CP/12))-1,(nper-A53+1)*12/52,J52))/4,2),ROUND(-PMT(((1+D53/CP)^(CP/periods_per_year))-1,nper-A53+1,J52),2))))))) -> 711.32 | G53: =IF(OR(A53="",A53<$X$2),"",IF(J52<=F53,0,IF(IF(AND(A53>=$X$2,MOD(A53-$X$2,int)=0),$X$3,0)+F53>=J52+E53,J52+E53-F53,IF(AND(A53>=$X$2,MOD(A53-$X$2,int)=0),$X$3,0)+IF(IF(AND(A53>=$X$2,MOD(A53-$X$2,int)=0),$X$3,0)+IF(MOD(A53-$X$6,periods_per_year)=0,$X$5,0)+F53<J52+E53,IF(MOD(A53-$X$6,periods_per_year)=0,$X$5,0),J52+E53-IF(AND(A53>=$X$2,MOD(A53-$X$2,int)=0),$X$3,0)-F53)))) -> 0 | I53: =IF(A53="","",F53-E53+H53+IF(G53="",0,G53)) -> 350.03 | J53: =IF(A53="","",J52-I53) -> 144166.75 | M53: =IF(S52="","",IF(OR(M52>=nper,ROUND(S52,2)<=0),"",M52+1)) -> 10 | N53: =IF(M53="","",IF(OR(periods_per_year=26,periods_per_year=52),IF(periods_per_year=26,IF(M53=1,fpdate,N52+14),IF(periods_per_year=52,IF(M53=1,fpdate,N52+7),"n/a")),IF(periods_per_year=24,DATE(YEAR(fpdate),MONTH(fpdate)+(M53-1)/2+IF(AND(DAY(fpdate)>=15,MOD(M53,2)=0),1,0),IF(MOD(M53,2)=0,IF(DAY(fpdate)>=15,DAY(fpdate)-14,DAY(fpdate)+14),DAY(fpdate))),IF(DAY(DATE(YEAR(fpdate),MONTH(fpdate)+M53-1,DAY(fpdate)))<>DAY(fpdate),DATE(YEAR(fpdate),MONTH(fpdate)+M53,0),DATE(YEAR(fpdate),MONTH(fpdate)+M53-1,DAY(fpdate)))))) -> 43739 | O53: =IF(M53="","",IF(variable,IF(M53<MortgageCalculator!$I$18*periods_per_year,start_rate,IF(MortgageCalculator!$I$22>=0,MIN(MortgageCalculator!$I$19,start_rate+MortgageCalculator!$I$22*ROUNDUP((M53-MortgageCalculator!$I$18*periods_per_year)/MortgageCalculator!$I$21,0)),MAX(MortgageCalculator!$I$20,start_rate+MortgageCalculator!$I$22*ROUNDUP((M53-MortgageCalculator!$I$18*periods_per_year)/MortgageCalculator!$I$21,0)))),start_rate)) -> 0.03 | P53: =IF(M53="","",ROUND((((1+O53/CP)^(CP/periods_per_year))-1)*S52,2)) -> 367.36 | Q53: =IF(M53="","",IF(M53=nper,S52+P53,MIN(S52+P53,IF(O53=O52,Q52,ROUND(-PMT(((1+O53/CP)^(CP/periods_per_year))-1,nper-M53+1,S52),2))))) -> 711.32 | R53: =IF(M53="","",Q53-P53) -> 343.96 | S53: =IF(M53="","",S52-R53) -> 146598.7
A54: =IF(J53="","",IF(OR(A53>=nper,ROUND(J53,2)<=0),"",A53+1)) -> 18 | B54: =IF(A54="","",IF(OR(periods_per_year=26,periods_per_year=52),IF(periods_per_year=26,IF(A54=1,fpdate,B53+14),IF(periods_per_year=52,IF(A54=1,fpdate,B53+7),"n/a")),IF(periods_per_year=24,DATE(YEAR(fpdate),MONTH(fpdate)+(A54-1)/2+IF(AND(DAY(fpdate)>=15,MOD(A54,2)=0),1,0),IF(MOD(A54,2)=0,IF(DAY(fpdate)>=15,DAY(fpdate)-14,DAY(fpdate)+14),DAY(fpdate))),IF(DAY(DATE(YEAR(fpdate),MONTH(fpdate)+A54-1,DAY(fpdate)))<>DAY(fpdate),DATE(YEAR(fpdate),MONTH(fpdate)+A54,0),DATE(YEAR(fpdate),MONTH(fpdate)+A54-1,DAY(fpdate)))))) -> 43983 | C54: =IF(A54="","",IF(MOD(A54,periods_per_year)=0,A54/periods_per_year,"")) | D54: =IF(A54="","",IF(variable,IF(OR(A54=1,A54<$I$18*periods_per_year),start_rate,MIN($I$19,IF(MOD(A54-1,$I$21)=0,MAX($I$20,D53+$I$22),D53))),start_rate)) -> 0.03 | E54: =IF(A54="","",ROUND((((1+D54/CP)^(CP/periods_per_year))-1)*J53,2)) -> 360.42 | F54: =IF(A54="","",IF(A54=nper,J53+E54,MIN(J53+E54,IF(D54=D53,F53,IF($E$8="Acc Bi-Weekly",ROUND((-PMT(((1+D54/CP)^(CP/12))-1,(nper-A54+1)*12/26,J53))/2,2),IF($E$8="Acc Weekly",ROUND((-PMT(((1+D54/CP)^(CP/12))-1,(nper-A54+1)*12/52,J53))/4,2),ROUND(-PMT(((1+D54/CP)^(CP/periods_per_year))-1,nper-A54+1,J53),2))))))) -> 711.32 | G54: =IF(OR(A54="",A54<$X$2),"",IF(J53<=F54,0,IF(IF(AND(A54>=$X$2,MOD(A54-$X$2,int)=0),$X$3,0)+F54>=J53+E54,J53+E54-F54,IF(AND(A54>=$X$2,MOD(A54-$X$2,int)=0),$X$3,0)+IF(IF(AND(A54>=$X$2,MOD(A54-$X$2,int)=0),$X$3,0)+IF(MOD(A54-$X$6,periods_per_year)=0,$X$5,0)+F54<J53+E54,IF(MOD(A54-$X$6,periods_per_year)=0,$X$5,0),J53+E54-IF(AND(A54>=$X$2,MOD(A54-$X$2,int)=0),$X$3,0)-F54)))) -> 0 | I54: =IF(A54="","",F54-E54+H54+IF(G54="",0,G54)) -> 350.9 | J54: =IF(A54="","",J53-I54) -> 143815.85 | M54: =IF(S53="","",IF(OR(M53>=nper,ROUND(S53,2)<=0),"",M53+1)) -> 11 | N54: =IF(M54="","",IF(OR(periods_per_year=26,periods_per_year=52),IF(periods_per_year=26,IF(M54=1,fpdate,N53+14),IF(periods_per_year=52,IF(M54=1,fpdate,N53+7),"n/a")),IF(periods_per_year=24,DATE(YEAR(fpdate),MONTH(fpdate)+(M54-1)/2+IF(AND(DAY(fpdate)>=15,MOD(M54,2)=0),1,0),IF(MOD(M54,2)=0,IF(DAY(fpdate)>=15,DAY(fpdate)-14,DAY(fpdate)+14),DAY(fpdate))),IF(DAY(DATE(YEAR(fpdate),MONTH(fpdate)+M54-1,DAY(fpdate)))<>DAY(fpdate),DATE(YEAR(fpdate),MONTH(fpdate)+M54,0),DATE(YEAR(fpdate),MONTH(fpdate)+M54-1,DAY(fpdate)))))) -> 43770 | O54: =IF(M54="","",IF(variable,IF(M54<MortgageCalculator!$I$18*periods_per_year,start_rate,IF(MortgageCalculator!$I$22>=0,MIN(MortgageCalculator!$I$19,start_rate+MortgageCalculator!$I$22*ROUNDUP((M54-MortgageCalculator!$I$18*periods_per_year)/MortgageCalculator!$I$21,0)),MAX(MortgageCalculator!$I$20,start_rate+MortgageCalculator!$I$22*ROUNDUP((M54-MortgageCalculator!$I$18*periods_per_year)/MortgageCalculator!$I$21,0)))),start_rate)) -> 0.03 | P54: =IF(M54="","",ROUND((((1+O54/CP)^(CP/periods_per_year))-1)*S53,2)) -> 366.5 | Q54: =IF(M54="","",IF(M54=nper,S53+P54,MIN(S53+P54,IF(O54=O53,Q53,ROUND(-PMT(((1+O54/CP)^(CP/periods_per_year))-1,nper-M54+1,S53),2))))) -> 711.32 | R54: =IF(M54="","",Q54-P54) -> 344.82 | S54: =IF(M54="","",S53-R54) -> 146253.88
A55: =IF(J54="","",IF(OR(A54>=nper,ROUND(J54,2)<=0),"",A54+1)) -> 19 | B55: =IF(A55="","",IF(OR(periods_per_year=26,periods_per_year=52),IF(periods_per_year=26,IF(A55=1,fpdate,B54+14),IF(periods_per_year=52,IF(A55=1,fpdate,B54+7),"n/a")),IF(periods_per_year=24,DATE(YEAR(fpdate),MONTH(fpdate)+(A55-1)/2+IF(AND(DAY(fpdate)>=15,MOD(A55,2)=0),1,0),IF(MOD(A55,2)=0,IF(DAY(fpdate)>=15,DAY(fpdate)-14,DAY(fpdate)+14),DAY(fpdate))),IF(DAY(DATE(YEAR(fpdate),MONTH(fpdate)+A55-1,DAY(fpdate)))<>DAY(fpdate),DATE(YEAR(fpdate),MONTH(fpdate)+A55,0),DATE(YEAR(fpdate),MONTH(fpdate)+A55-1,DAY(fpdate)))))) -> 44013 | C55: =IF(A55="","",IF(MOD(A55,periods_per_year)=0,A55/periods_per_year,"")) | D55: =IF(A55="","",IF(variable,IF(OR(A55=1,A55<$I$18*periods_per_year),start_rate,MIN($I$19,IF(MOD(A55-1,$I$21)=0,MAX($I$20,D54+$I$22),D54))),start_rate)) -> 0.03 | E55: =IF(A55="","",ROUND((((1+D55/CP)^(CP/periods_per_year))-1)*J54,2)) -> 359.54 | F55: =IF(A55="","",IF(A55=nper,J54+E55,MIN(J54+E55,IF(D55=D54,F54,IF($E$8="Acc Bi-Weekly",ROUND((-PMT(((1+D55/CP)^(CP/12))-1,(nper-A55+1)*12/26,J54))/2,2),IF($E$8="Acc Weekly",ROUND((-PMT(((1+D55/CP)^(CP/12))-1,(nper-A55+1)*12/52,J54))/4,2),ROUND(-PMT(((1+D55/CP)^(CP/periods_per_year))-1,nper-A55+1,J54),2))))))) -> 711.32 | G55: =IF(OR(A55="",A55<$X$2),"",IF(J54<=F55,0,IF(IF(AND(A55>=$X$2,MOD(A55-$X$2,int)=0),$X$3,0)+F55>=J54+E55,J54+E55-F55,IF(AND(A55>=$X$2,MOD(A55-$X$2,int)=0),$X$3,0)+IF(IF(AND(A55>=$X$2,MOD(A55-$X$2,int)=0),$X$3,0)+IF(MOD(A55-$X$6,periods_per_year)=0,$X$5,0)+F55<J54+E55,IF(MOD(A55-$X$6,periods_per_year)=0,$X$5,0),J54+E55-IF(AND(A55>=$X$2,MOD(A55-$X$2,int)=0),$X$3,0)-F55)))) -> 0 | I55: =IF(A55="","",F55-E55+H55+IF(G55="",0,G55)) -> 351.78 | J55: =IF(A55="","",J54-I55) -> 143464.07 | M55: =IF(S54="","",IF(OR(M54>=nper,ROUND(S54,2)<=0),"",M54+1)) -> 12 | N55: =IF(M55="","",IF(OR(periods_per_year=26,periods_per_year=52),IF(periods_per_year=26,IF(M55=1,fpdate,N54+14),IF(periods_per_year=52,IF(M55=1,fpdate,N54+7),"n/a")),IF(periods_per_year=24,DATE(YEAR(fpdate),MONTH(fpdate)+(M55-1)/2+IF(AND(DAY(fpdate)>=15,MOD(M55,2)=0),1,0),IF(MOD(M55,2)=0,IF(DAY(fpdate)>=15,DAY(fpdate)-14,DAY(fpdate)+14),DAY(fpdate))),IF(DAY(DATE(YEAR(fpdate),MONTH(fpdate)+M55-1,DAY(fpdate)))<>DAY(fpdate),DATE(YEAR(fpdate),MONTH(fpdate)+M55,0),DATE(YEAR(fpdate),MONTH(fpdate)+M55-1,DAY(fpdate)))))) -> 43800 | O55: =IF(M55="","",IF(variable,IF(M55<MortgageCalculator!$I$18*periods_per_year,start_rate,IF(MortgageCalculator!$I$22>=0,MIN(MortgageCalculator!$I$19,start_rate+MortgageCalculator!$I$22*ROUNDUP((M55-MortgageCalculator!$I$18*periods_per_year)/MortgageCalculator!$I$21,0)),MAX(MortgageCalculator!$I$20,start_rate+MortgageCalculator!$I$22*ROUNDUP((M55-MortgageCalculator!$I$18*periods_per_year)/MortgageCalculator!$I$21,0)))),start_rate)) -> 0.03 | P55: =IF(M55="","",ROUND((((1+O55/CP)^(CP/periods_per_year))-1)*S54,2)) -> 365.63 | Q55: =IF(M55="","",IF(M55=nper,S54+P55,MIN(S54+P55,IF(O55=O54,Q54,ROUND(-PMT(((1+O55/CP)^(CP/periods_per_year))-1,nper-M55+1,S54),2))))) -> 711.32 | R55: =IF(M55="","",Q55-P55) -> 345.69 | S55: =IF(M55="","",S54-R55) -> 145908.19
... A394: =IF(J393="","",IF(OR(A393>=nper,ROUND(J393,2)<=0),"",A393+1)) | B394: =IF(A394="","",IF(OR(periods_per_year=26,periods_per_year=52),IF(periods_per_year=26,IF(A394=1,fpdate,B393+14),IF(periods_per_year=52,IF(A394=1,fpdate,B393+7),"n/a")),IF(periods_per_year=24,DATE(YEAR(fpdate),MONTH(fpdate)+(A394-1)/2+IF(AND(DAY(fpdate)>=15,MOD(A394,2)=0),1,0),IF(MOD(A394,2)=0,IF(DAY(fpdate)>=15,DAY(fpdate)-14,DAY(fpdate)+14),DAY(fpdate))),IF(DAY(DATE(YEAR(fpdate),MONTH(fpdate)+A394-1,DAY(fpdate)))<>DAY(fpdate),DATE(YEAR(fpdate),MONTH(fpdate)+A394,0),DATE(YEAR(fpdate),MONTH(fpdate)+A394-1,DAY(fpdate)))))) | C394: =IF(A394="","",IF(MOD(A394,periods_per_year)=0,A394/periods_per_year,"")) | D394: =IF(A394="","",IF(variable,IF(OR(A394=1,A394<$I$18*periods_per_year),start_rate,MIN($I$19,IF(MOD(A394-1,$I$21)=0,MAX($I$20,D393+$I$22),D393))),start_rate)) | E394: =IF(A394="","",ROUND((((1+D394/CP)^(CP/periods_per_year))-1)*J393,2)) | F394: =IF(A394="","",IF(A394=nper,J393+E394,MIN(J393+E394,IF(D394=D393,F393,IF($E$8="Acc Bi-Weekly",ROUND((-PMT(((1+D394/CP)^(CP/12))-1,(nper-A394+1)*12/26,J393))/2,2),IF($E$8="Acc Weekly",ROUND((-PMT(((1+D394/CP)^(CP/12))-1,(nper-A394+1)*12/52,J393))/4,2),ROUND(-PMT(((1+D394/CP)^(CP/periods_per_year))-1,nper-A394+1,J393),2))))))) | G394: =IF(OR(A394="",A394<$X$2),"",IF(J393<=F394,0,IF(IF(AND(A394>=$X$2,MOD(A394-$X$2,int)=0),$X$3,0)+F394>=J393+E394,J393+E394-F394,IF(AND(A394>=$X$2,MOD(A394-$X$2,int)=0),$X$3,0)+IF(IF(AND(A394>=$X$2,MOD(A394-$X$2,int)=0),$X$3,0)+IF(MOD(A394-$X$6,periods_per_year)=0,$X$5,0)+F394<J393+E394,IF(MOD(A394-$X$6,periods_per_year)=0,$X$5,0),J393+E394-IF(AND(A394>=$X$2,MOD(A394-$X$2,int)=0),$X$3,0)-F394)))) | I394: =IF(A394="","",F394-E394+H394+IF(G394="",0,G394)) | J394: =IF(A394="","",J393-I394) | M394: =IF(S393="","",IF(OR(M393>=nper,ROUND(S393,2)<=0),"",M393+1)) | N394: =IF(M394="","",IF(OR(periods_per_year=26,periods_per_year=52),IF(periods_per_year=26,IF(M394=1,fpdate,N393+14),IF(periods_per_year=52,IF(M394=1,fpdate,N393+7),"n/a")),IF(periods_per_year=24,DATE(YEAR(fpdate),MONTH(fpdate)+(M394-1)/2+IF(AND(DAY(fpdate)>=15,MOD(M394,2)=0),1,0),IF(MOD(M394,2)=0,IF(DAY(fpdate)>=15,DAY(fpdate)-14,DAY(fpdate)+14),DAY(fpdate))),IF(DAY(DATE(YEAR(fpdate),MONTH(fpdate)+M394-1,DAY(fpdate)))<>DAY(fpdate),DATE(YEAR(fpdate),MONTH(fpdate)+M394,0),DATE(YEAR(fpdate),MONTH(fpdate)+M394-1,DAY(fpdate)))))) | O394: =IF(M394="","",IF(variable,IF(M394<MortgageCalculator!$I$18*periods_per_year,start_rate,IF(MortgageCalculator!$I$22>=0,MIN(MortgageCalculator!$I$19,start_rate+MortgageCalculator!$I$22*ROUNDUP((M394-MortgageCalculator!$I$18*periods_per_year)/MortgageCalculator!$I$21,0)),MAX(MortgageCalculator!$I$20,start_rate+MortgageCalculator!$I$22*ROUNDUP((M394-MortgageCalculator!$I$18*periods_per_year)/MortgageCalculator!$I$21,0)))),start_rate)) | P394: =IF(M394="","",ROUND((((1+O394/CP)^(CP/periods_per_year))-1)*S393,2)) | Q394: =IF(M394="","",IF(M394=nper,S393+P394,MIN(S393+P394,IF(O394=O393,Q393,ROUND(-PMT(((1+O394/CP)^(CP/periods_per_year))-1,nper-M394+1,S393),2))))) | R394: =IF(M394="","",Q394-P394) | S394: =IF(M394="","",S393-R394)
M395: =IF(S394="","",IF(OR(M394>=nper,ROUND(S394,2)<=0),"",M394+1)) | N395: =IF(M395="","",IF(OR(periods_per_year=26,periods_per_year=52),IF(periods_per_year=26,IF(M395=1,fpdate,N394+14),IF(periods_per_year=52,IF(M395=1,fpdate,N394+7),"n/a")),IF(periods_per_year=24,DATE(YEAR(fpdate),MONTH(fpdate)+(M395-1)/2+IF(AND(DAY(fpdate)>=15,MOD(M395,2)=0),1,0),IF(MOD(M395,2)=0,IF(DAY(fpdate)>=15,DAY(fpdate)-14,DAY(fpdate)+14),DAY(fpdate))),IF(DAY(DATE(YEAR(fpdate),MONTH(fpdate)+M395-1,DAY(fpdate)))<>DAY(fpdate),DATE(YEAR(fpdate),MONTH(fpdate)+M395,0),DATE(YEAR(fpdate),MONTH(fpdate)+M395-1,DAY(fpdate)))))) | O395: =IF(M395="","",IF(variable,IF(M395<MortgageCalculator!$I$18*periods_per_year,start_rate,IF(MortgageCalculator!$I$22>=0,MIN(MortgageCalculator!$I$19,start_rate+MortgageCalculator!$I$22*ROUNDUP((M395-MortgageCalculator!$I$18*periods_per_year)/MortgageCalculator!$I$21,0)),MAX(MortgageCalculator!$I$20,start_rate+MortgageCalculator!$I$22*ROUNDUP((M395-MortgageCalculator!$I$18*periods_per_year)/MortgageCalculator!$I$21,0)))),start_rate)) | P395: =IF(M395="","",ROUND((((1+O395/CP)^(CP/periods_per_year))-1)*S394,2)) | Q395: =IF(M395="","",IF(M395=nper,S394+P395,MIN(S394+P395,IF(O395=O394,Q394,ROUND(-PMT(((1+O395/CP)^(CP/periods_per_year))-1,nper-M395+1,S394),2))))) | R395: =IF(M395="","",Q395-P395) | S395: =IF(M395="","",S394-R395)
M396: =IF(S395="","",IF(OR(M395>=nper,ROUND(S395,2)<=0),"",M395+1)) | N396: =IF(M396="","",IF(OR(periods_per_year=26,periods_per_year=52),IF(periods_per_year=26,IF(M396=1,fpdate,N395+14),IF(periods_per_year=52,IF(M396=1,fpdate,N395+7),"n/a")),IF(periods_per_year=24,DATE(YEAR(fpdate),MONTH(fpdate)+(M396-1)/2+IF(AND(DAY(fpdate)>=15,MOD(M396,2)=0),1,0),IF(MOD(M396,2)=0,IF(DAY(fpdate)>=15,DAY(fpdate)-14,DAY(fpdate)+14),DAY(fpdate))),IF(DAY(DATE(YEAR(fpdate),MONTH(fpdate)+M396-1,DAY(fpdate)))<>DAY(fpdate),DATE(YEAR(fpdate),MONTH(fpdate)+M396,0),DATE(YEAR(fpdate),MONTH(fpdate)+M396-1,DAY(fpdate)))))) | O396: =IF(M396="","",IF(variable,IF(M396<MortgageCalculator!$I$18*periods_per_year,start_rate,IF(MortgageCalculator!$I$22>=0,MIN(MortgageCalculator!$I$19,start_rate+MortgageCalculator!$I$22*ROUNDUP((M396-MortgageCalculator!$I$18*periods_per_year)/MortgageCalculator!$I$21,0)),MAX(MortgageCalculator!$I$20,start_rate+MortgageCalculator!$I$22*ROUNDUP((M396-MortgageCalculator!$I$18*periods_per_year)/MortgageCalculator!$I$21,0)))),start_rate)) | P396: =IF(M396="","",ROUND((((1+O396/CP)^(CP/periods_per_year))-1)*S395,2)) | Q396: =IF(M396="","",IF(M396=nper,S395+P396,MIN(S395+P396,IF(O396=O395,Q395,ROUND(-PMT(((1+O396/CP)^(CP/periods_per_year))-1,nper-M396+1,S395),2))))) | R396: =IF(M396="","",Q396-P396) | S396: =IF(M396="","",S395-R396)
M397: =IF(S396="","",IF(OR(M396>=nper,ROUND(S396,2)<=0),"",M396+1)) | N397: =IF(M397="","",IF(OR(periods_per_year=26,periods_per_year=52),IF(periods_per_year=26,IF(M397=1,fpdate,N396+14),IF(periods_per_year=52,IF(M397=1,fpdate,N396+7),"n/a")),IF(periods_per_year=24,DATE(YEAR(fpdate),MONTH(fpdate)+(M397-1)/2+IF(AND(DAY(fpdate)>=15,MOD(M397,2)=0),1,0),IF(MOD(M397,2)=0,IF(DAY(fpdate)>=15,DAY(fpdate)-14,DAY(fpdate)+14),DAY(fpdate))),IF(DAY(DATE(YEAR(fpdate),MONTH(fpdate)+M397-1,DAY(fpdate)))<>DAY(fpdate),DATE(YEAR(fpdate),MONTH(fpdate)+M397,0),DATE(YEAR(fpdate),MONTH(fpdate)+M397-1,DAY(fpdate)))))) | O397: =IF(M397="","",IF(variable,IF(M397<MortgageCalculator!$I$18*periods_per_year,start_rate,IF(MortgageCalculator!$I$22>=0,MIN(MortgageCalculator!$I$19,start_rate+MortgageCalculator!$I$22*ROUNDUP((M397-MortgageCalculator!$I$18*periods_per_year)/MortgageCalculator!$I$21,0)),MAX(MortgageCalculator!$I$20,start_rate+MortgageCalculator!$I$22*ROUNDUP((M397-MortgageCalculator!$I$18*periods_per_year)/MortgageCalculator!$I$21,0)))),start_rate)) | P397: =IF(M397="","",ROUND((((1+O397/CP)^(CP/periods_per_year))-1)*S396,2)) | Q397: =IF(M397="","",IF(M397=nper,S396+P397,MIN(S396+P397,IF(O397=O396,Q396,ROUND(-PMT(((1+O397/CP)^(CP/periods_per_year))-1,nper-M397+1,S396),2))))) | R397: =IF(M397="","",Q397-P397) | S397: =IF(M397="","",S396-R397)
M398: =IF(S397="","",IF(OR(M397>=nper,ROUND(S397,2)<=0),"",M397+1)) | N398: =IF(M398="","",IF(OR(periods_per_year=26,periods_per_year=52),IF(periods_per_year=26,IF(M398=1,fpdate,N397+14),IF(periods_per_year=52,IF(M398=1,fpdate,N397+7),"n/a")),IF(periods_per_year=24,DATE(YEAR(fpdate),MONTH(fpdate)+(M398-1)/2+IF(AND(DAY(fpdate)>=15,MOD(M398,2)=0),1,0),IF(MOD(M398,2)=0,IF(DAY(fpdate)>=15,DAY(fpdate)-14,DAY(fpdate)+14),DAY(fpdate))),IF(DAY(DATE(YEAR(fpdate),MONTH(fpdate)+M398-1,DAY(fpdate)))<>DAY(fpdate),DATE(YEAR(fpdate),MONTH(fpdate)+M398,0),DATE(YEAR(fpdate),MONTH(fpdate)+M398-1,DAY(fpdate)))))) | O398: =IF(M398="","",IF(variable,IF(M398<MortgageCalculator!$I$18*periods_per_year,start_rate,IF(MortgageCalculator!$I$22>=0,MIN(MortgageCalculator!$I$19,start_rate+MortgageCalculator!$I$22*ROUNDUP((M398-MortgageCalculator!$I$18*periods_per_year)/MortgageCalculator!$I$21,0)),MAX(MortgageCalculator!$I$20,start_rate+MortgageCalculator!$I$22*ROUNDUP((M398-MortgageCalculator!$I$18*periods_per_year)/MortgageCalculator!$I$21,0)))),start_rate)) | P398: =IF(M398="","",ROUND((((1+O398/CP)^(CP/periods_per_year))-1)*S397,2)) | Q398: =IF(M398="","",IF(M398=nper,S397+P398,MIN(S397+P398,IF(O398=O397,Q397,ROUND(-PMT(((1+O398/CP)^(CP/periods_per_year))-1,nper-M398+1,S397),2))))) | R398: =IF(M398="","",Q398-P398) | S398: =IF(M398="","",S397-R398)
M399: =IF(S398="","",IF(OR(M398>=nper,ROUND(S398,2)<=0),"",M398+1)) | N399: =IF(M399="","",IF(OR(periods_per_year=26,periods_per_year=52),IF(periods_per_year=26,IF(M399=1,fpdate,N398+14),IF(periods_per_year=52,IF(M399=1,fpdate,N398+7),"n/a")),IF(periods_per_year=24,DATE(YEAR(fpdate),MONTH(fpdate)+(M399-1)/2+IF(AND(DAY(fpdate)>=15,MOD(M399,2)=0),1,0),IF(MOD(M399,2)=0,IF(DAY(fpdate)>=15,DAY(fpdate)-14,DAY(fpdate)+14),DAY(fpdate))),IF(DAY(DATE(YEAR(fpdate),MONTH(fpdate)+M399-1,DAY(fpdate)))<>DAY(fpdate),DATE(YEAR(fpdate),MONTH(fpdate)+M399,0),DATE(YEAR(fpdate),MONTH(fpdate)+M399-1,DAY(fpdate)))))) | O399: =IF(M399="","",IF(variable,IF(M399<MortgageCalculator!$I$18*periods_per_year,start_rate,IF(MortgageCalculator!$I$22>=0,MIN(MortgageCalculator!$I$19,start_rate+MortgageCalculator!$I$22*ROUNDUP((M399-MortgageCalculator!$I$18*periods_per_year)/MortgageCalculator!$I$21,0)),MAX(MortgageCalculator!$I$20,start_rate+MortgageCalculator!$I$22*ROUNDUP((M399-MortgageCalculator!$I$18*periods_per_year)/MortgageCalculator!$I$21,0)))),start_rate)) | P399: =IF(M399="","",ROUND((((1+O399/CP)^(CP/periods_per_year))-1)*S398,2)) | Q399: =IF(M399="","",IF(M399=nper,S398+P399,MIN(S398+P399,IF(O399=O398,Q398,ROUND(-PMT(((1+O399/CP)^(CP/periods_per_year))-1,nper-M399+1,S398),2))))) | R399: =IF(M399="","",Q399-P399) | S399: =IF(M399="","",S398-R399)
M400: =IF(S399="","",IF(OR(M399>=nper,ROUND(S399,2)<=0),"",M399+1)) | N400: =IF(M400="","",IF(OR(periods_per_year=26,periods_per_year=52),IF(periods_per_year=26,IF(M400=1,fpdate,N399+14),IF(periods_per_year=52,IF(M400=1,fpdate,N399+7),"n/a")),IF(periods_per_year=24,DATE(YEAR(fpdate),MONTH(fpdate)+(M400-1)/2+IF(AND(DAY(fpdate)>=15,MOD(M400,2)=0),1,0),IF(MOD(M400,2)=0,IF(DAY(fpdate)>=15,DAY(fpdate)-14,DAY(fpdate)+14),DAY(fpdate))),IF(DAY(DATE(YEAR(fpdate),MONTH(fpdate)+M400-1,DAY(fpdate)))<>DAY(fpdate),DATE(YEAR(fpdate),MONTH(fpdate)+M400,0),DATE(YEAR(fpdate),MONTH(fpdate)+M400-1,DAY(fpdate)))))) | O400: =IF(M400="","",IF(variable,IF(M400<MortgageCalculator!$I$18*periods_per_year,start_rate,IF(MortgageCalculator!$I$22>=0,MIN(MortgageCalculator!$I$19,start_rate+MortgageCalculator!$I$22*ROUNDUP((M400-MortgageCalculator!$I$18*periods_per_year)/MortgageCalculator!$I$21,0)),MAX(MortgageCalculator!$I$20,start_rate+MortgageCalculator!$I$22*ROUNDUP((M400-MortgageCalculator!$I$18*periods_per_year)/MortgageCalculator!$I$21,0)))),start_rate)) | P400: =IF(M400="","",ROUND((((1+O400/CP)^(CP/periods_per_year))-1)*S399,2)) | Q400: =IF(M400="","",IF(M400=nper,S399+P400,MIN(S399+P400,IF(O400=O399,Q399,ROUND(-PMT(((1+O400/CP)^(CP/periods_per_year))-1,nper-M400+1,S399),2))))) | R400: =IF(M400="","",Q400-P400) | S400: =IF(M400="","",S399-R400)
M401: =IF(S400="","",IF(OR(M400>=nper,ROUND(S400,2)<=0),"",M400+1)) | N401: =IF(M401="","",IF(OR(periods_per_year=26,periods_per_year=52),IF(periods_per_year=26,IF(M401=1,fpdate,N400+14),IF(periods_per_year=52,IF(M401=1,fpdate,N400+7),"n/a")),IF(periods_per_year=24,DATE(YEAR(fpdate),MONTH(fpdate)+(M401-1)/2+IF(AND(DAY(fpdate)>=15,MOD(M401,2)=0),1,0),IF(MOD(M401,2)=0,IF(DAY(fpdate)>=15,DAY(fpdate)-14,DAY(fpdate)+14),DAY(fpdate))),IF(DAY(DATE(YEAR(fpdate),MONTH(fpdate)+M401-1,DAY(fpdate)))<>DAY(fpdate),DATE(YEAR(fpdate),MONTH(fpdate)+M401,0),DATE(YEAR(fpdate),MONTH(fpdate)+M401-1,DAY(fpdate)))))) | O401: =IF(M401="","",IF(variable,IF(M401<MortgageCalculator!$I$18*periods_per_year,start_rate,IF(MortgageCalculator!$I$22>=0,MIN(MortgageCalculator!$I$19,start_rate+MortgageCalculator!$I$22*ROUNDUP((M401-MortgageCalculator!$I$18*periods_per_year)/MortgageCalculator!$I$21,0)),MAX(MortgageCalculator!$I$20,start_rate+MortgageCalculator!$I$22*ROUNDUP((M401-MortgageCalculator!$I$18*periods_per_year)/MortgageCalculator!$I$21,0)))),start_rate)) | P401: =IF(M401="","",ROUND((((1+O401/CP)^(CP/periods_per_year))-1)*S400,2)) | Q401: =IF(M401="","",IF(M401=nper,S400+P401,MIN(S400+P401,IF(O401=O400,Q400,ROUND(-PMT(((1+O401/CP)^(CP/periods_per_year))-1,nper-M401+1,S400),2))))) | R401: =IF(M401="","",Q401-P401) | S401: =IF(M401="","",S400-R401)
A402: =IF(J394="","",IF(OR(A394>=nper,ROUND(J394,2)<=0),"",A394+1)) | B402: =IF(A402="","",IF(OR(periods_per_year=26,periods_per_year=52),IF(periods_per_year=26,IF(A402=1,fpdate,B394+14),IF(periods_per_year=52,IF(A402=1,fpdate,B394+7),"n/a")),IF(periods_per_year=24,DATE(YEAR(fpdate),MONTH(fpdate)+(A402-1)/2+IF(AND(DAY(fpdate)>=15,MOD(A402,2)=0),1,0),IF(MOD(A402,2)=0,IF(DAY(fpdate)>=15,DAY(fpdate)-14,DAY(fpdate)+14),DAY(fpdate))),IF(DAY(DATE(YEAR(fpdate),MONTH(fpdate)+A402-1,DAY(fpdate)))<>DAY(fpdate),DATE(YEAR(fpdate),MONTH(fpdate)+A402,0),DATE(YEAR(fpdate),MONTH(fpdate)+A402-1,DAY(fpdate)))))) | C402: =IF(A402="","",IF(MOD(A402,periods_per_year)=0,A402/periods_per_year,"")) | D402: =IF(A402="","",IF(variable,IF(OR(A402=1,A402<$I$18*periods_per_year),start_rate,MIN($I$19,IF(MOD(A402-1,$I$21)=0,MAX($I$20,D394+$I$22),D394))),start_rate)) | E402: =IF(A402="","",ROUND((((1+D402/CP)^(CP/periods_per_year))-1)*J394,2)) | F402: =IF(A402="","",IF(A402=nper,J394+E402,MIN(J394+E402,IF(D402=D394,F394,IF($E$8="Acc Bi-Weekly",ROUND((-PMT(((1+D402/CP)^(CP/12))-1,(nper-A402+1)*12/26,J394))/2,2),IF($E$8="Acc Weekly",ROUND((-PMT(((1+D402/CP)^(CP/12))-1,(nper-A402+1)*12/52,J394))/4,2),ROUND(-PMT(((1+D402/CP)^(CP/periods_per_year))-1,nper-A402+1,J394),2))))))) | G402: =IF(OR(A402="",A402<$X$2),"",IF(J394<=F402,0,IF(IF(AND(A402>=$X$2,MOD(A402-$X$2,int)=0),$X$3,0)+F402>=J394+E402,J394+E402-F402,IF(AND(A402>=$X$2,MOD(A402-$X$2,int)=0),$X$3,0)+IF(IF(AND(A402>=$X$2,MOD(A402-$X$2,int)=0),$X$3,0)+IF(MOD(A402-$X$6,periods_per_year)=0,$X$5,0)+F402<J394+E402,IF(MOD(A402-$X$6,periods_per_year)=0,$X$5,0),J394+E402-IF(AND(A402>=$X$2,MOD(A402-$X$2,int)=0),$X$3,0)-F402)))) | I402: =IF(A402="","",F402-E402+H402+IF(G402="",0,G402)) | J402: =IF(A402="","",J394-I402) | M402: =IF(S401="","",IF(OR(M401>=nper,ROUND(S401,2)<=0),"",M401+1)) | N402: =IF(M402="","",IF(OR(periods_per_year=26,periods_per_year=52),IF(periods_per_year=26,IF(M402=1,fpdate,N401+14),IF(periods_per_year=52,IF(M402=1,fpdate,N401+7),"n/a")),IF(periods_per_year=24,DATE(YEAR(fpdate),MONTH(fpdate)+(M402-1)/2+IF(AND(DAY(fpdate)>=15,MOD(M402,2)=0),1,0),IF(MOD(M402,2)=0,IF(DAY(fpdate)>=15,DAY(fpdate)-14,DAY(fpdate)+14),DAY(fpdate))),IF(DAY(DATE(YEAR(fpdate),MONTH(fpdate)+M402-1,DAY(fpdate)))<>DAY(fpdate),DATE(YEAR(fpdate),MONTH(fpdate)+M402,0),DATE(YEAR(fpdate),MONTH(fpdate)+M402-1,DAY(fpdate)))))) | O402: =IF(M402="","",IF(variable,IF(M402<MortgageCalculator!$I$18*periods_per_year,start_rate,IF(MortgageCalculator!$I$22>=0,MIN(MortgageCalculator!$I$19,start_rate+MortgageCalculator!$I$22*ROUNDUP((M402-MortgageCalculator!$I$18*periods_per_year)/MortgageCalculator!$I$21,0)),MAX(MortgageCalculator!$I$20,start_rate+MortgageCalculator!$I$22*ROUNDUP((M402-MortgageCalculator!$I$18*periods_per_year)/MortgageCalculator!$I$21,0)))),start_rate)) | P402: =IF(M402="","",ROUND((((1+O402/CP)^(CP/periods_per_year))-1)*S401,2)) | Q402: =IF(M402="","",IF(M402=nper,S401+P402,MIN(S401+P402,IF(O402=O401,Q401,ROUND(-PMT(((1+O402/CP)^(CP/periods_per_year))-1,nper-M402+1,S401),2))))) | R402: =IF(M402="","",Q402-P402) | S402: =IF(M402="","",S401-R402)
A403: =IF(J402="","",IF(OR(A402>=nper,ROUND(J402,2)<=0),"",A402+1)) | B403: =IF(A403="","",IF(OR(periods_per_year=26,periods_per_year=52),IF(periods_per_year=26,IF(A403=1,fpdate,B402+14),IF(periods_per_year=52,IF(A403=1,fpdate,B402+7),"n/a")),IF(periods_per_year=24,DATE(YEAR(fpdate),MONTH(fpdate)+(A403-1)/2+IF(AND(DAY(fpdate)>=15,MOD(A403,2)=0),1,0),IF(MOD(A403,2)=0,IF(DAY(fpdate)>=15,DAY(fpdate)-14,DAY(fpdate)+14),DAY(fpdate))),IF(DAY(DATE(YEAR(fpdate),MONTH(fpdate)+A403-1,DAY(fpdate)))<>DAY(fpdate),DATE(YEAR(fpdate),MONTH(fpdate)+A403,0),DATE(YEAR(fpdate),MONTH(fpdate)+A403-1,DAY(fpdate)))))) | C403: =IF(A403="","",IF(MOD(A403,periods_per_year)=0,A403/periods_per_year,"")) | D403: =IF(A403="","",IF(variable,IF(OR(A403=1,A403<$I$18*periods_per_year),start_rate,MIN($I$19,IF(MOD(A403-1,$I$21)=0,MAX($I$20,D402+$I$22),D402))),start_rate)) | E403: =IF(A403="","",ROUND((((1+D403/CP)^(CP/periods_per_year))-1)*J402,2)) | F403: =IF(A403="","",IF(A403=nper,J402+E403,MIN(J402+E403,IF(D403=D402,F402,IF($E$8="Acc Bi-Weekly",ROUND((-PMT(((1+D403/CP)^(CP/12))-1,(nper-A403+1)*12/26,J402))/2,2),IF($E$8="Acc Weekly",ROUND((-PMT(((1+D403/CP)^(CP/12))-1,(nper-A403+1)*12/52,J402))/4,2),ROUND(-PMT(((1+D403/CP)^(CP/periods_per_year))-1,nper-A403+1,J402),2))))))) | G403: =IF(OR(A403="",A403<$X$2),"",IF(J402<=F403,0,IF(IF(AND(A403>=$X$2,MOD(A403-$X$2,int)=0),$X$3,0)+F403>=J402+E403,J402+E403-F403,IF(AND(A403>=$X$2,MOD(A403-$X$2,int)=0),$X$3,0)+IF(IF(AND(A403>=$X$2,MOD(A403-$X$2,int)=0),$X$3,0)+IF(MOD(A403-$X$6,periods_per_year)=0,$X$5,0)+F403<J402+E403,IF(MOD(A403-$X$6,periods_per_year)=0,$X$5,0),J402+E403-IF(AND(A403>=$X$2,MOD(A403-$X$2,int)=0),$X$3,0)-F403)))) | I403: =IF(A403="","",F403-E403+H403+IF(G403="",0,G403)) | J403: =IF(A403="","",J402-I403) | M403: =IF(S402="","",IF(OR(M402>=nper,ROUND(S402,2)<=0),"",M402+1)) | N403: =IF(M403="","",IF(OR(periods_per_year=26,periods_per_year=52),IF(periods_per_year=26,IF(M403=1,fpdate,N402+14),IF(periods_per_year=52,IF(M403=1,fpdate,N402+7),"n/a")),IF(periods_per_year=24,DATE(YEAR(fpdate),MONTH(fpdate)+(M403-1)/2+IF(AND(DAY(fpdate)>=15,MOD(M403,2)=0),1,0),IF(MOD(M403,2)=0,IF(DAY(fpdate)>=15,DAY(fpdate)-14,DAY(fpdate)+14),DAY(fpdate))),IF(DAY(DATE(YEAR(fpdate),MONTH(fpdate)+M403-1,DAY(fpdate)))<>DAY(fpdate),DATE(YEAR(fpdate),MONTH(fpdate)+M403,0),DATE(YEAR(fpdate),MONTH(fpdate)+M403-1,DAY(fpdate)))))) | O403: =IF(M403="","",IF(variable,IF(M403<MortgageCalculator!$I$18*periods_per_year,start_rate,IF(MortgageCalculator!$I$22>=0,MIN(MortgageCalculator!$I$19,start_rate+MortgageCalculator!$I$22*ROUNDUP((M403-MortgageCalculator!$I$18*periods_per_year)/MortgageCalculator!$I$21,0)),MAX(MortgageCalculator!$I$20,start_rate+MortgageCalculator!$I$22*ROUNDUP((M403-MortgageCalculator!$I$18*periods_per_year)/MortgageCalculator!$I$21,0)))),start_rate)) | P403: =IF(M403="","",ROUND((((1+O403/CP)^(CP/periods_per_year))-1)*S402,2)) | Q403: =IF(M403="","",IF(M403=nper,S402+P403,MIN(S402+P403,IF(O403=O402,Q402,ROUND(-PMT(((1+O403/CP)^(CP/periods_per_year))-1,nper-M403+1,S402),2))))) | R403: =IF(M403="","",Q403-P403) | S403: =IF(M403="","",S402-R403)
A404: =IF(J403="","",IF(OR(A403>=nper,ROUND(J403,2)<=0),"",A403+1)) | B404: =IF(A404="","",IF(OR(periods_per_year=26,periods_per_year=52),IF(periods_per_year=26,IF(A404=1,fpdate,B403+14),IF(periods_per_year=52,IF(A404=1,fpdate,B403+7),"n/a")),IF(periods_per_year=24,DATE(YEAR(fpdate),MONTH(fpdate)+(A404-1)/2+IF(AND(DAY(fpdate)>=15,MOD(A404,2)=0),1,0),IF(MOD(A404,2)=0,IF(DAY(fpdate)>=15,DAY(fpdate)-14,DAY(fpdate)+14),DAY(fpdate))),IF(DAY(DATE(YEAR(fpdate),MONTH(fpdate)+A404-1,DAY(fpdate)))<>DAY(fpdate),DATE(YEAR(fpdate),MONTH(fpdate)+A404,0),DATE(YEAR(fpdate),MONTH(fpdate)+A404-1,DAY(fpdate)))))) | C404: =IF(A404="","",IF(MOD(A404,periods_per_year)=0,A404/periods_per_year,"")) | D404: =IF(A404="","",IF(variable,IF(OR(A404=1,A404<$I$18*periods_per_year),start_rate,MIN($I$19,IF(MOD(A404-1,$I$21)=0,MAX($I$20,D403+$I$22),D403))),start_rate)) | E404: =IF(A404="","",ROUND((((1+D404/CP)^(CP/periods_per_year))-1)*J403,2)) | F404: =IF(A404="","",IF(A404=nper,J403+E404,MIN(J403+E404,IF(D404=D403,F403,IF($E$8="Acc Bi-Weekly",ROUND((-PMT(((1+D404/CP)^(CP/12))-1,(nper-A404+1)*12/26,J403))/2,2),IF($E$8="Acc Weekly",ROUND((-PMT(((1+D404/CP)^(CP/12))-1,(nper-A404+1)*12/52,J403))/4,2),ROUND(-PMT(((1+D404/CP)^(CP/periods_per_year))-1,nper-A404+1,J403),2))))))) | G404: =IF(OR(A404="",A404<$X$2),"",IF(J403<=F404,0,IF(IF(AND(A404>=$X$2,MOD(A404-$X$2,int)=0),$X$3,0)+F404>=J403+E404,J403+E404-F404,IF(AND(A404>=$X$2,MOD(A404-$X$2,int)=0),$X$3,0)+IF(IF(AND(A404>=$X$2,MOD(A404-$X$2,int)=0),$X$3,0)+IF(MOD(A404-$X$6,periods_per_year)=0,$X$5,0)+F404<J403+E404,IF(MOD(A404-$X$6,periods_per_year)=0,$X$5,0),J403+E404-IF(AND(A404>=$X$2,MOD(A404-$X$2,int)=0),$X$3,0)-F404)))) | I404: =IF(A404="","",F404-E404+H404+IF(G404="",0,G404)) | J404: =IF(A404="","",J403-I404) | M404: =IF(S403="","",IF(OR(M403>=nper,ROUND(S403,2)<=0),"",M403+1)) | N404: =IF(M404="","",IF(OR(periods_per_year=26,periods_per_year=52),IF(periods_per_year=26,IF(M404=1,fpdate,N403+14),IF(periods_per_year=52,IF(M404=1,fpdate,N403+7),"n/a")),IF(periods_per_year=24,DATE(YEAR(fpdate),MONTH(fpdate)+(M404-1)/2+IF(AND(DAY(fpdate)>=15,MOD(M404,2)=0),1,0),IF(MOD(M404,2)=0,IF(DAY(fpdate)>=15,DAY(fpdate)-14,DAY(fpdate)+14),DAY(fpdate))),IF(DAY(DATE(YEAR(fpdate),MONTH(fpdate)+M404-1,DAY(fpdate)))<>DAY(fpdate),DATE(YEAR(fpdate),MONTH(fpdate)+M404,0),DATE(YEAR(fpdate),MONTH(fpdate)+M404-1,DAY(fpdate)))))) | O404: =IF(M404="","",IF(variable,IF(M404<MortgageCalculator!$I$18*periods_per_year,start_rate,IF(MortgageCalculator!$I$22>=0,MIN(MortgageCalculator!$I$19,start_rate+MortgageCalculator!$I$22*ROUNDUP((M404-MortgageCalculator!$I$18*periods_per_year)/MortgageCalculator!$I$21,0)),MAX(MortgageCalculator!$I$20,start_rate+MortgageCalculator!$I$22*ROUNDUP((M404-MortgageCalculator!$I$18*periods_per_year)/MortgageCalculator!$I$21,0)))),start_rate)) | P404: =IF(M404="","",ROUND((((1+O404/CP)^(CP/periods_per_year))-1)*S403,2)) | Q404: =IF(M404="","",IF(M404=nper,S403+P404,MIN(S403+P404,IF(O404=O403,Q403,ROUND(-PMT(((1+O404/CP)^(CP/periods_per_year))-1,nper-M404+1,S403),2))))) | R404: =IF(M404="","",Q404-P404) | S404: =IF(M404="","",S403-R404)
A405: =IF(J404="","",IF(OR(A404>=nper,ROUND(J404,2)<=0),"",A404+1)) | B405: =IF(A405="","",IF(OR(periods_per_year=26,periods_per_year=52),IF(periods_per_year=26,IF(A405=1,fpdate,B404+14),IF(periods_per_year=52,IF(A405=1,fpdate,B404+7),"n/a")),IF(periods_per_year=24,DATE(YEAR(fpdate),MONTH(fpdate)+(A405-1)/2+IF(AND(DAY(fpdate)>=15,MOD(A405,2)=0),1,0),IF(MOD(A405,2)=0,IF(DAY(fpdate)>=15,DAY(fpdate)-14,DAY(fpdate)+14),DAY(fpdate))),IF(DAY(DATE(YEAR(fpdate),MONTH(fpdate)+A405-1,DAY(fpdate)))<>DAY(fpdate),DATE(YEAR(fpdate),MONTH(fpdate)+A405,0),DATE(YEAR(fpdate),MONTH(fpdate)+A405-1,DAY(fpdate)))))) | C405: =IF(A405="","",IF(MOD(A405,periods_per_year)=0,A405/periods_per_year,"")) | D405: =IF(A405="","",IF(variable,IF(OR(A405=1,A405<$I$18*periods_per_year),start_rate,MIN($I$19,IF(MOD(A405-1,$I$21)=0,MAX($I$20,D404+$I$22),D404))),start_rate)) | E405: =IF(A405="","",ROUND((((1+D405/CP)^(CP/periods_per_year))-1)*J404,2)) | F405: =IF(A405="","",IF(A405=nper,J404+E405,MIN(J404+E405,IF(D405=D404,F404,IF($E$8="Acc Bi-Weekly",ROUND((-PMT(((1+D405/CP)^(CP/12))-1,(nper-A405+1)*12/26,J404))/2,2),IF($E$8="Acc Weekly",ROUND((-PMT(((1+D405/CP)^(CP/12))-1,(nper-A405+1)*12/52,J404))/4,2),ROUND(-PMT(((1+D405/CP)^(CP/periods_per_year))-1,nper-A405+1,J404),2))))))) | G405: =IF(OR(A405="",A405<$X$2),"",IF(J404<=F405,0,IF(IF(AND(A405>=$X$2,MOD(A405-$X$2,int)=0),$X$3,0)+F405>=J404+E405,J404+E405-F405,IF(AND(A405>=$X$2,MOD(A405-$X$2,int)=0),$X$3,0)+IF(IF(AND(A405>=$X$2,MOD(A405-$X$2,int)=0),$X$3,0)+IF(MOD(A405-$X$6,periods_per_year)=0,$X$5,0)+F405<J404+E405,IF(MOD(A405-$X$6,periods_per_year)=0,$X$5,0),J404+E405-IF(AND(A405>=$X$2,MOD(A405-$X$2,int)=0),$X$3,0)-F405)))) | I405: =IF(A405="","",F405-E405+H405+IF(G405="",0,G405)) | J405: =IF(A405="","",J404-I405) | M405: =IF(S404="","",IF(OR(M404>=nper,ROUND(S404,2)<=0),"",M404+1)) | N405: =IF(M405="","",IF(OR(periods_per_year=26,periods_per_year=52),IF(periods_per_year=26,IF(M405=1,fpdate,N404+14),IF(periods_per_year=52,IF(M405=1,fpdate,N404+7),"n/a")),IF(periods_per_year=24,DATE(YEAR(fpdate),MONTH(fpdate)+(M405-1)/2+IF(AND(DAY(fpdate)>=15,MOD(M405,2)=0),1,0),IF(MOD(M405,2)=0,IF(DAY(fpdate)>=15,DAY(fpdate)-14,DAY(fpdate)+14),DAY(fpdate))),IF(DAY(DATE(YEAR(fpdate),MONTH(fpdate)+M405-1,DAY(fpdate)))<>DAY(fpdate),DATE(YEAR(fpdate),MONTH(fpdate)+M405,0),DATE(YEAR(fpdate),MONTH(fpdate)+M405-1,DAY(fpdate)))))) | O405: =IF(M405="","",IF(variable,IF(M405<MortgageCalculator!$I$18*periods_per_year,start_rate,IF(MortgageCalculator!$I$22>=0,MIN(MortgageCalculator!$I$19,start_rate+MortgageCalculator!$I$22*ROUNDUP((M405-MortgageCalculator!$I$18*periods_per_year)/MortgageCalculator!$I$21,0)),MAX(MortgageCalculator!$I$20,start_rate+MortgageCalculator!$I$22*ROUNDUP((M405-MortgageCalculator!$I$18*periods_per_year)/MortgageCalculator!$I$21,0)))),start_rate)) | P405: =IF(M405="","",ROUND((((1+O405/CP)^(CP/periods_per_year))-1)*S404,2)) | Q405: =IF(M405="","",IF(M405=nper,S404+P405,MIN(S404+P405,IF(O405=O404,Q404,ROUND(-PMT(((1+O405/CP)^(CP/periods_per_year))-1,nper-M405+1,S404),2))))) | R405: =IF(M405="","",Q405-P405) | S405: =IF(M405="","",S404-R405)
A406: =IF(J405="","",IF(OR(A405>=nper,ROUND(J405,2)<=0),"",A405+1)) | B406: =IF(A406="","",IF(OR(periods_per_year=26,periods_per_year=52),IF(periods_per_year=26,IF(A406=1,fpdate,B405+14),IF(periods_per_year=52,IF(A406=1,fpdate,B405+7),"n/a")),IF(periods_per_year=24,DATE(YEAR(fpdate),MONTH(fpdate)+(A406-1)/2+IF(AND(DAY(fpdate)>=15,MOD(A406,2)=0),1,0),IF(MOD(A406,2)=0,IF(DAY(fpdate)>=15,DAY(fpdate)-14,DAY(fpdate)+14),DAY(fpdate))),IF(DAY(DATE(YEAR(fpdate),MONTH(fpdate)+A406-1,DAY(fpdate)))<>DAY(fpdate),DATE(YEAR(fpdate),MONTH(fpdate)+A406,0),DATE(YEAR(fpdate),MONTH(fpdate)+A406-1,DAY(fpdate)))))) | C406: =IF(A406="","",IF(MOD(A406,periods_per_year)=0,A406/periods_per_year,"")) | D406: =IF(A406="","",IF(variable,IF(OR(A406=1,A406<$I$18*periods_per_year),start_rate,MIN($I$19,IF(MOD(A406-1,$I$21)=0,MAX($I$20,D405+$I$22),D405))),start_rate)) | E406: =IF(A406="","",ROUND((((1+D406/CP)^(CP/periods_per_year))-1)*J405,2)) | F406: =IF(A406="","",IF(A406=nper,J405+E406,MIN(J405+E406,IF(D406=D405,F405,IF($E$8="Acc Bi-Weekly",ROUND((-PMT(((1+D406/CP)^(CP/12))-1,(nper-A406+1)*12/26,J405))/2,2),IF($E$8="Acc Weekly",ROUND((-PMT(((1+D406/CP)^(CP/12))-1,(nper-A406+1)*12/52,J405))/4,2),ROUND(-PMT(((1+D406/CP)^(CP/periods_per_year))-1,nper-A406+1,J405),2))))))) | G406: =IF(OR(A406="",A406<$X$2),"",IF(J405<=F406,0,IF(IF(AND(A406>=$X$2,MOD(A406-$X$2,int)=0),$X$3,0)+F406>=J405+E406,J405+E406-F406,IF(AND(A406>=$X$2,MOD(A406-$X$2,int)=0),$X$3,0)+IF(IF(AND(A406>=$X$2,MOD(A406-$X$2,int)=0),$X$3,0)+IF(MOD(A406-$X$6,periods_per_year)=0,$X$5,0)+F406<J405+E406,IF(MOD(A406-$X$6,periods_per_year)=0,$X$5,0),J405+E406-IF(AND(A406>=$X$2,MOD(A406-$X$2,int)=0),$X$3,0)-F406)))) | I406: =IF(A406="","",F406-E406+H406+IF(G406="",0,G406)) | J406: =IF(A406="","",J405-I406) | M406: =IF(S405="","",IF(OR(M405>=nper,ROUND(S405,2)<=0),"",M405+1)) | N406: =IF(M406="","",IF(OR(periods_per_year=26,periods_per_year=52),IF(periods_per_year=26,IF(M406=1,fpdate,N405+14),IF(periods_per_year=52,IF(M406=1,fpdate,N405+7),"n/a")),IF(periods_per_year=24,DATE(YEAR(fpdate),MONTH(fpdate)+(M406-1)/2+IF(AND(DAY(fpdate)>=15,MOD(M406,2)=0),1,0),IF(MOD(M406,2)=0,IF(DAY(fpdate)>=15,DAY(fpdate)-14,DAY(fpdate)+14),DAY(fpdate))),IF(DAY(DATE(YEAR(fpdate),MONTH(fpdate)+M406-1,DAY(fpdate)))<>DAY(fpdate),DATE(YEAR(fpdate),MONTH(fpdate)+M406,0),DATE(YEAR(fpdate),MONTH(fpdate)+M406-1,DAY(fpdate)))))) | O406: =IF(M406="","",IF(variable,IF(M406<MortgageCalculator!$I$18*periods_per_year,start_rate,IF(MortgageCalculator!$I$22>=0,MIN(MortgageCalculator!$I$19,start_rate+MortgageCalculator!$I$22*ROUNDUP((M406-MortgageCalculator!$I$18*periods_per_year)/MortgageCalculator!$I$21,0)),MAX(MortgageCalculator!$I$20,start_rate+MortgageCalculator!$I$22*ROUNDUP((M406-MortgageCalculator!$I$18*periods_per_year)/MortgageCalculator!$I$21,0)))),start_rate)) | P406: =IF(M406="","",ROUND((((1+O406/CP)^(CP/periods_per_year))-1)*S405,2)) | Q406: =IF(M406="","",IF(M406=nper,S405+P406,MIN(S405+P406,IF(O406=O405,Q405,ROUND(-PMT(((1+O406/CP)^(CP/periods_per_year))-1,nper-M406+1,S405),2))))) | R406: =IF(M406="","",Q406-P406) | S406: =IF(M406="","",S405-R406)
A407: =IF(J406="","",IF(OR(A406>=nper,ROUND(J406,2)<=0),"",A406+1)) | B407: =IF(A407="","",IF(OR(periods_per_year=26,periods_per_year=52),IF(periods_per_year=26,IF(A407=1,fpdate,B406+14),IF(periods_per_year=52,IF(A407=1,fpdate,B406+7),"n/a")),IF(periods_per_year=24,DATE(YEAR(fpdate),MONTH(fpdate)+(A407-1)/2+IF(AND(DAY(fpdate)>=15,MOD(A407,2)=0),1,0),IF(MOD(A407,2)=0,IF(DAY(fpdate)>=15,DAY(fpdate)-14,DAY(fpdate)+14),DAY(fpdate))),IF(DAY(DATE(YEAR(fpdate),MONTH(fpdate)+A407-1,DAY(fpdate)))<>DAY(fpdate),DATE(YEAR(fpdate),MONTH(fpdate)+A407,0),DATE(YEAR(fpdate),MONTH(fpdate)+A407-1,DAY(fpdate)))))) | C407: =IF(A407="","",IF(MOD(A407,periods_per_year)=0,A407/periods_per_year,"")) | D407: =IF(A407="","",IF(variable,IF(OR(A407=1,A407<$I$18*periods_per_year),start_rate,MIN($I$19,IF(MOD(A407-1,$I$21)=0,MAX($I$20,D406+$I$22),D406))),start_rate)) | E407: =IF(A407="","",ROUND((((1+D407/CP)^(CP/periods_per_year))-1)*J406,2)) | F407: =IF(A407="","",IF(A407=nper,J406+E407,MIN(J406+E407,IF(D407=D406,F406,IF($E$8="Acc Bi-Weekly",ROUND((-PMT(((1+D407/CP)^(CP/12))-1,(nper-A407+1)*12/26,J406))/2,2),IF($E$8="Acc Weekly",ROUND((-PMT(((1+D407/CP)^(CP/12))-1,(nper-A407+1)*12/52,J406))/4,2),ROUND(-PMT(((1+D407/CP)^(CP/periods_per_year))-1,nper-A407+1,J406),2))))))) | G407: =IF(OR(A407="",A407<$X$2),"",IF(J406<=F407,0,IF(IF(AND(A407>=$X$2,MOD(A407-$X$2,int)=0),$X$3,0)+F407>=J406+E407,J406+E407-F407,IF(AND(A407>=$X$2,MOD(A407-$X$2,int)=0),$X$3,0)+IF(IF(AND(A407>=$X$2,MOD(A407-$X$2,int)=0),$X$3,0)+IF(MOD(A407-$X$6,periods_per_year)=0,$X$5,0)+F407<J406+E407,IF(MOD(A407-$X$6,periods_per_year)=0,$X$5,0),J406+E407-IF(AND(A407>=$X$2,MOD(A407-$X$2,int)=0),$X$3,0)-F407)))) | I407: =IF(A407="","",F407-E407+H407+IF(G407="",0,G407)) | J407: =IF(A407="","",J406-I407) | M407: =IF(S406="","",IF(OR(M406>=nper,ROUND(S406,2)<=0),"",M406+1)) | N407: =IF(M407="","",IF(OR(periods_per_year=26,periods_per_year=52),IF(periods_per_year=26,IF(M407=1,fpdate,N406+14),IF(periods_per_year=52,IF(M407=1,fpdate,N406+7),"n/a")),IF(periods_per_year=24,DATE(YEAR(fpdate),MONTH(fpdate)+(M407-1)/2+IF(AND(DAY(fpdate)>=15,MOD(M407,2)=0),1,0),IF(MOD(M407,2)=0,IF(DAY(fpdate)>=15,DAY(fpdate)-14,DAY(fpdate)+14),DAY(fpdate))),IF(DAY(DATE(YEAR(fpdate),MONTH(fpdate)+M407-1,DAY(fpdate)))<>DAY(fpdate),DATE(YEAR(fpdate),MONTH(fpdate)+M407,0),DATE(YEAR(fpdate),MONTH(fpdate)+M407-1,DAY(fpdate)))))) | O407: =IF(M407="","",IF(variable,IF(M407<MortgageCalculator!$I$18*periods_per_year,start_rate,IF(MortgageCalculator!$I$22>=0,MIN(MortgageCalculator!$I$19,start_rate+MortgageCalculator!$I$22*ROUNDUP((M407-MortgageCalculator!$I$18*periods_per_year)/MortgageCalculator!$I$21,0)),MAX(MortgageCalculator!$I$20,start_rate+MortgageCalculator!$I$22*ROUNDUP((M407-MortgageCalculator!$I$18*periods_per_year)/MortgageCalculator!$I$21,0)))),start_rate)) | P407: =IF(M407="","",ROUND((((1+O407/CP)^(CP/periods_per_year))-1)*S406,2)) | Q407: =IF(M407="","",IF(M407=nper,S406+P407,MIN(S406+P407,IF(O407=O406,Q406,ROUND(-PMT(((1+O407/CP)^(CP/periods_per_year))-1,nper-M407+1,S406),2))))) | R407: =IF(M407="","",Q407-P407) | S407: =IF(M407="","",S406-R407)
A408: =IF(J407="","",IF(OR(A407>=nper,ROUND(J407,2)<=0),"",A407+1)) | B408: =IF(A408="","",IF(OR(periods_per_year=26,periods_per_year=52),IF(periods_per_year=26,IF(A408=1,fpdate,B407+14),IF(periods_per_year=52,IF(A408=1,fpdate,B407+7),"n/a")),IF(periods_per_year=24,DATE(YEAR(fpdate),MONTH(fpdate)+(A408-1)/2+IF(AND(DAY(fpdate)>=15,MOD(A408,2)=0),1,0),IF(MOD(A408,2)=0,IF(DAY(fpdate)>=15,DAY(fpdate)-14,DAY(fpdate)+14),DAY(fpdate))),IF(DAY(DATE(YEAR(fpdate),MONTH(fpdate)+A408-1,DAY(fpdate)))<>DAY(fpdate),DATE(YEAR(fpdate),MONTH(fpdate)+A408,0),DATE(YEAR(fpdate),MONTH(fpdate)+A408-1,DAY(fpdate)))))) | C408: =IF(A408="","",IF(MOD(A408,periods_per_year)=0,A408/periods_per_year,"")) | D408: =IF(A408="","",IF(variable,IF(OR(A408=1,A408<$I$18*periods_per_year),start_rate,MIN($I$19,IF(MOD(A408-1,$I$21)=0,MAX($I$20,D407+$I$22),D407))),start_rate)) | E408: =IF(A408="","",ROUND((((1+D408/CP)^(CP/periods_per_year))-1)*J407,2)) | F408: =IF(A408="","",IF(A408=nper,J407+E408,MIN(J407+E408,IF(D408=D407,F407,IF($E$8="Acc Bi-Weekly",ROUND((-PMT(((1+D408/CP)^(CP/12))-1,(nper-A408+1)*12/26,J407))/2,2),IF($E$8="Acc Weekly",ROUND((-PMT(((1+D408/CP)^(CP/12))-1,(nper-A408+1)*12/52,J407))/4,2),ROUND(-PMT(((1+D408/CP)^(CP/periods_per_year))-1,nper-A408+1,J407),2))))))) | G408: =IF(OR(A408="",A408<$X$2),"",IF(J407<=F408,0,IF(IF(AND(A408>=$X$2,MOD(A408-$X$2,int)=0),$X$3,0)+F408>=J407+E408,J407+E408-F408,IF(AND(A408>=$X$2,MOD(A408-$X$2,int)=0),$X$3,0)+IF(IF(AND(A408>=$X$2,MOD(A408-$X$2,int)=0),$X$3,0)+IF(MOD(A408-$X$6,periods_per_year)=0,$X$5,0)+F408<J407+E408,IF(MOD(A408-$X$6,periods_per_year)=0,$X$5,0),J407+E408-IF(AND(A408>=$X$2,MOD(A408-$X$2,int)=0),$X$3,0)-F408)))) | I408: =IF(A408="","",F408-E408+H408+IF(G408="",0,G408)) | J408: =IF(A408="","",J407-I408) | M408: =IF(S407="","",IF(OR(M407>=nper,ROUND(S407,2)<=0),"",M407+1)) | N408: =IF(M408="","",IF(OR(periods_per_year=26,periods_per_year=52),IF(periods_per_year=26,IF(M408=1,fpdate,N407+14),IF(periods_per_year=52,IF(M408=1,fpdate,N407+7),"n/a")),IF(periods_per_year=24,DATE(YEAR(fpdate),MONTH(fpdate)+(M408-1)/2+IF(AND(DAY(fpdate)>=15,MOD(M408,2)=0),1,0),IF(MOD(M408,2)=0,IF(DAY(fpdate)>=15,DAY(fpdate)-14,DAY(fpdate)+14),DAY(fpdate))),IF(DAY(DATE(YEAR(fpdate),MONTH(fpdate)+M408-1,DAY(fpdate)))<>DAY(fpdate),DATE(YEAR(fpdate),MONTH(fpdate)+M408,0),DATE(YEAR(fpdate),MONTH(fpdate)+M408-1,DAY(fpdate)))))) | O408: =IF(M408="","",IF(variable,IF(M408<MortgageCalculator!$I$18*periods_per_year,start_rate,IF(MortgageCalculator!$I$22>=0,MIN(MortgageCalculator!$I$19,start_rate+MortgageCalculator!$I$22*ROUNDUP((M408-MortgageCalculator!$I$18*periods_per_year)/MortgageCalculator!$I$21,0)),MAX(MortgageCalculator!$I$20,start_rate+MortgageCalculator!$I$22*ROUNDUP((M408-MortgageCalculator!$I$18*periods_per_year)/MortgageCalculator!$I$21,0)))),start_rate)) | P408: =IF(M408="","",ROUND((((1+O408/CP)^(CP/periods_per_year))-1)*S407,2)) | Q408: =IF(M408="","",IF(M408=nper,S407+P408,MIN(S407+P408,IF(O408=O407,Q407,ROUND(-PMT(((1+O408/CP)^(CP/periods_per_year))-1,nper-M408+1,S407),2))))) | R408: =IF(M408="","",Q408-P408) | S408: =IF(M408="","",S407-R408)
A409: =IF(J408="","",IF(OR(A408>=nper,ROUND(J408,2)<=0),"",A408+1)) | B409: =IF(A409="","",IF(OR(periods_per_year=26,periods_per_year=52),IF(periods_per_year=26,IF(A409=1,fpdate,B408+14),IF(periods_per_year=52,IF(A409=1,fpdate,B408+7),"n/a")),IF(periods_per_year=24,DATE(YEAR(fpdate),MONTH(fpdate)+(A409-1)/2+IF(AND(DAY(fpdate)>=15,MOD(A409,2)=0),1,0),IF(MOD(A409,2)=0,IF(DAY(fpdate)>=15,DAY(fpdate)-14,DAY(fpdate)+14),DAY(fpdate))),IF(DAY(DATE(YEAR(fpdate),MONTH(fpdate)+A409-1,DAY(fpdate)))<>DAY(fpdate),DATE(YEAR(fpdate),MONTH(fpdate)+A409,0),DATE(YEAR(fpdate),MONTH(fpdate)+A409-1,DAY(fpdate)))))) | C409: =IF(A409="","",IF(MOD(A409,periods_per_year)=0,A409/periods_per_year,"")) | D409: =IF(A409="","",IF(variable,IF(OR(A409=1,A409<$I$18*periods_per_year),start_rate,MIN($I$19,IF(MOD(A409-1,$I$21)=0,MAX($I$20,D408+$I$22),D408))),start_rate)) | E409: =IF(A409="","",ROUND((((1+D409/CP)^(CP/periods_per_year))-1)*J408,2)) | F409: =IF(A409="","",IF(A409=nper,J408+E409,MIN(J408+E409,IF(D409=D408,F408,IF($E$8="Acc Bi-Weekly",ROUND((-PMT(((1+D409/CP)^(CP/12))-1,(nper-A409+1)*12/26,J408))/2,2),IF($E$8="Acc Weekly",ROUND((-PMT(((1+D409/CP)^(CP/12))-1,(nper-A409+1)*12/52,J408))/4,2),ROUND(-PMT(((1+D409/CP)^(CP/periods_per_year))-1,nper-A409+1,J408),2))))))) | G409: =IF(OR(A409="",A409<$X$2),"",IF(J408<=F409,0,IF(IF(AND(A409>=$X$2,MOD(A409-$X$2,int)=0),$X$3,0)+F409>=J408+E409,J408+E409-F409,IF(AND(A409>=$X$2,MOD(A409-$X$2,int)=0),$X$3,0)+IF(IF(AND(A409>=$X$2,MOD(A409-$X$2,int)=0),$X$3,0)+IF(MOD(A409-$X$6,periods_per_year)=0,$X$5,0)+F409<J408+E409,IF(MOD(A409-$X$6,periods_per_year)=0,$X$5,0),J408+E409-IF(AND(A409>=$X$2,MOD(A409-$X$2,int)=0),$X$3,0)-F409)))) | I409: =IF(A409="","",F409-E409+H409+IF(G409="",0,G409)) | J409: =IF(A409="","",J408-I409) | M409: =IF(S408="","",IF(OR(M408>=nper,ROUND(S408,2)<=0),"",M408+1)) | N409: =IF(M409="","",IF(OR(periods_per_year=26,periods_per_year=52),IF(periods_per_year=26,IF(M409=1,fpdate,N408+14),IF(periods_per_year=52,IF(M409=1,fpdate,N408+7),"n/a")),IF(periods_per_year=24,DATE(YEAR(fpdate),MONTH(fpdate)+(M409-1)/2+IF(AND(DAY(fpdate)>=15,MOD(M409,2)=0),1,0),IF(MOD(M409,2)=0,IF(DAY(fpdate)>=15,DAY(fpdate)-14,DAY(fpdate)+14),DAY(fpdate))),IF(DAY(DATE(YEAR(fpdate),MONTH(fpdate)+M409-1,DAY(fpdate)))<>DAY(fpdate),DATE(YEAR(fpdate),MONTH(fpdate)+M409,0),DATE(YEAR(fpdate),MONTH(fpdate)+M409-1,DAY(fpdate)))))) | O409: =IF(M409="","",IF(variable,IF(M409<MortgageCalculator!$I$18*periods_per_year,start_rate,IF(MortgageCalculator!$I$22>=0,MIN(MortgageCalculator!$I$19,start_rate+MortgageCalculator!$I$22*ROUNDUP((M409-MortgageCalculator!$I$18*periods_per_year)/MortgageCalculator!$I$21,0)),MAX(MortgageCalculator!$I$20,start_rate+MortgageCalculator!$I$22*ROUNDUP((M409-MortgageCalculator!$I$18*periods_per_year)/MortgageCalculator!$I$21,0)))),start_rate)) | P409: =IF(M409="","",ROUND((((1+O409/CP)^(CP/periods_per_year))-1)*S408,2)) | Q409: =IF(M409="","",IF(M409=nper,S408+P409,MIN(S408+P409,IF(O409=O408,Q408,ROUND(-PMT(((1+O409/CP)^(CP/periods_per_year))-1,nper-M409+1,S408),2))))) | R409: =IF(M409="","",Q409-P409) | S409: =IF(M409="","",S408-R409)
A410: =IF(J409="","",IF(OR(A409>=nper,ROUND(J409,2)<=0),"",A409+1)) | B410: =IF(A410="","",IF(OR(periods_per_year=26,periods_per_year=52),IF(periods_per_year=26,IF(A410=1,fpdate,B409+14),IF(periods_per_year=52,IF(A410=1,fpdate,B409+7),"n/a")),IF(periods_per_year=24,DATE(YEAR(fpdate),MONTH(fpdate)+(A410-1)/2+IF(AND(DAY(fpdate)>=15,MOD(A410,2)=0),1,0),IF(MOD(A410,2)=0,IF(DAY(fpdate)>=15,DAY(fpdate)-14,DAY(fpdate)+14),DAY(fpdate))),IF(DAY(DATE(YEAR(fpdate),MONTH(fpdate)+A410-1,DAY(fpdate)))<>DAY(fpdate),DATE(YEAR(fpdate),MONTH(fpdate)+A410,0),DATE(YEAR(fpdate),MONTH(fpdate)+A410-1,DAY(fpdate)))))) | C410: =IF(A410="","",IF(MOD(A410,periods_per_year)=0,A410/periods_per_year,"")) | D410: =IF(A410="","",IF(variable,IF(OR(A410=1,A410<$I$18*periods_per_year),start_rate,MIN($I$19,IF(MOD(A410-1,$I$21)=0,MAX($I$20,D409+$I$22),D409))),start_rate)) | E410: =IF(A410="","",ROUND((((1+D410/CP)^(CP/periods_per_year))-1)*J409,2)) | F410: =IF(A410="","",IF(A410=nper,J409+E410,MIN(J409+E410,IF(D410=D409,F409,IF($E$8="Acc Bi-Weekly",ROUND((-PMT(((1+D410/CP)^(CP/12))-1,(nper-A410+1)*12/26,J409))/2,2),IF($E$8="Acc Weekly",ROUND((-PMT(((1+D410/CP)^(CP/12))-1,(nper-A410+1)*12/52,J409))/4,2),ROUND(-PMT(((1+D410/CP)^(CP/periods_per_year))-1,nper-A410+1,J409),2))))))) | G410: =IF(OR(A410="",A410<$X$2),"",IF(J409<=F410,0,IF(IF(AND(A410>=$X$2,MOD(A410-$X$2,int)=0),$X$3,0)+F410>=J409+E410,J409+E410-F410,IF(AND(A410>=$X$2,MOD(A410-$X$2,int)=0),$X$3,0)+IF(IF(AND(A410>=$X$2,MOD(A410-$X$2,int)=0),$X$3,0)+IF(MOD(A410-$X$6,periods_per_year)=0,$X$5,0)+F410<J409+E410,IF(MOD(A410-$X$6,periods_per_year)=0,$X$5,0),J409+E410-IF(AND(A410>=$X$2,MOD(A410-$X$2,int)=0),$X$3,0)-F410)))) | I410: =IF(A410="","",F410-E410+H410+IF(G410="",0,G410)) | J410: =IF(A410="","",J409-I410) | M410: =IF(S409="","",IF(OR(M409>=nper,ROUND(S409,2)<=0),"",M409+1)) | N410: =IF(M410="","",IF(OR(periods_per_year=26,periods_per_year=52),IF(periods_per_year=26,IF(M410=1,fpdate,N409+14),IF(periods_per_year=52,IF(M410=1,fpdate,N409+7),"n/a")),IF(periods_per_year=24,DATE(YEAR(fpdate),MONTH(fpdate)+(M410-1)/2+IF(AND(DAY(fpdate)>=15,MOD(M410,2)=0),1,0),IF(MOD(M410,2)=0,IF(DAY(fpdate)>=15,DAY(fpdate)-14,DAY(fpdate)+14),DAY(fpdate))),IF(DAY(DATE(YEAR(fpdate),MONTH(fpdate)+M410-1,DAY(fpdate)))<>DAY(fpdate),DATE(YEAR(fpdate),MONTH(fpdate)+M410,0),DATE(YEAR(fpdate),MONTH(fpdate)+M410-1,DAY(fpdate)))))) | O410: =IF(M410="","",IF(variable,IF(M410<MortgageCalculator!$I$18*periods_per_year,start_rate,IF(MortgageCalculator!$I$22>=0,MIN(MortgageCalculator!$I$19,start_rate+MortgageCalculator!$I$22*ROUNDUP((M410-MortgageCalculator!$I$18*periods_per_year)/MortgageCalculator!$I$21,0)),MAX(MortgageCalculator!$I$20,start_rate+MortgageCalculator!$I$22*ROUNDUP((M410-MortgageCalculator!$I$18*periods_per_year)/MortgageCalculator!$I$21,0)))),start_rate)) | P410: =IF(M410="","",ROUND((((1+O410/CP)^(CP/periods_per_year))-1)*S409,2)) | Q410: =IF(M410="","",IF(M410=nper,S409+P410,MIN(S409+P410,IF(O410=O409,Q409,ROUND(-PMT(((1+O410/CP)^(CP/periods_per_year))-1,nper-M410+1,S409),2))))) | R410: =IF(M410="","",Q410-P410) | S410: =IF(M410="","",S409-R410)
A411: =IF(J410="","",IF(OR(A410>=nper,ROUND(J410,2)<=0),"",A410+1)) | B411: =IF(A411="","",IF(OR(periods_per_year=26,periods_per_year=52),IF(periods_per_year=26,IF(A411=1,fpdate,B410+14),IF(periods_per_year=52,IF(A411=1,fpdate,B410+7),"n/a")),IF(periods_per_year=24,DATE(YEAR(fpdate),MONTH(fpdate)+(A411-1)/2+IF(AND(DAY(fpdate)>=15,MOD(A411,2)=0),1,0),IF(MOD(A411,2)=0,IF(DAY(fpdate)>=15,DAY(fpdate)-14,DAY(fpdate)+14),DAY(fpdate))),IF(DAY(DATE(YEAR(fpdate),MONTH(fpdate)+A411-1,DAY(fpdate)))<>DAY(fpdate),DATE(YEAR(fpdate),MONTH(fpdate)+A411,0),DATE(YEAR(fpdate),MONTH(fpdate)+A411-1,DAY(fpdate)))))) | C411: =IF(A411="","",IF(MOD(A411,periods_per_year)=0,A411/periods_per_year,"")) | D411: =IF(A411="","",IF(variable,IF(OR(A411=1,A411<$I$18*periods_per_year),start_rate,MIN($I$19,IF(MOD(A411-1,$I$21)=0,MAX($I$20,D410+$I$22),D410))),start_rate)) | E411: =IF(A411="","",ROUND((((1+D411/CP)^(CP/periods_per_year))-1)*J410,2)) | F411: =IF(A411="","",IF(A411=nper,J410+E411,MIN(J410+E411,IF(D411=D410,F410,IF($E$8="Acc Bi-Weekly",ROUND((-PMT(((1+D411/CP)^(CP/12))-1,(nper-A411+1)*12/26,J410))/2,2),IF($E$8="Acc Weekly",ROUND((-PMT(((1+D411/CP)^(CP/12))-1,(nper-A411+1)*12/52,J410))/4,2),ROUND(-PMT(((1+D411/CP)^(CP/periods_per_year))-1,nper-A411+1,J410),2))))))) | G411: =IF(OR(A411="",A411<$X$2),"",IF(J410<=F411,0,IF(IF(AND(A411>=$X$2,MOD(A411-$X$2,int)=0),$X$3,0)+F411>=J410+E411,J410+E411-F411,IF(AND(A411>=$X$2,MOD(A411-$X$2,int)=0),$X$3,0)+IF(IF(AND(A411>=$X$2,MOD(A411-$X$2,int)=0),$X$3,0)+IF(MOD(A411-$X$6,periods_per_year)=0,$X$5,0)+F411<J410+E411,IF(MOD(A411-$X$6,periods_per_year)=0,$X$5,0),J410+E411-IF(AND(A411>=$X$2,MOD(A411-$X$2,int)=0),$X$3,0)-F411)))) | I411: =IF(A411="","",F411-E411+H411+IF(G411="",0,G411)) | J411: =IF(A411="","",J410-I411) | M411: =IF(S410="","",IF(OR(M410>=nper,ROUND(S410,2)<=0),"",M410+1)) | N411: =IF(M411="","",IF(OR(periods_per_year=26,periods_per_year=52),IF(periods_per_year=26,IF(M411=1,fpdate,N410+14),IF(periods_per_year=52,IF(M411=1,fpdate,N410+7),"n/a")),IF(periods_per_year=24,DATE(YEAR(fpdate),MONTH(fpdate)+(M411-1)/2+IF(AND(DAY(fpdate)>=15,MOD(M411,2)=0),1,0),IF(MOD(M411,2)=0,IF(DAY(fpdate)>=15,DAY(fpdate)-14,DAY(fpdate)+14),DAY(fpdate))),IF(DAY(DATE(YEAR(fpdate),MONTH(fpdate)+M411-1,DAY(fpdate)))<>DAY(fpdate),DATE(YEAR(fpdate),MONTH(fpdate)+M411,0),DATE(YEAR(fpdate),MONTH(fpdate)+M411-1,DAY(fpdate)))))) | O411: =IF(M411="","",IF(variable,IF(M411<MortgageCalculator!$I$18*periods_per_year,start_rate,IF(MortgageCalculator!$I$22>=0,MIN(MortgageCalculator!$I$19,start_rate+MortgageCalculator!$I$22*ROUNDUP((M411-MortgageCalculator!$I$18*periods_per_year)/MortgageCalculator!$I$21,0)),MAX(MortgageCalculator!$I$20,start_rate+MortgageCalculator!$I$22*ROUNDUP((M411-MortgageCalculator!$I$18*periods_per_year)/MortgageCalculator!$I$21,0)))),start_rate)) | P411: =IF(M411="","",ROUND((((1+O411/CP)^(CP/periods_per_year))-1)*S410,2)) | Q411: =IF(M411="","",IF(M411=nper,S410+P411,MIN(S410+P411,IF(O411=O410,Q410,ROUND(-PMT(((1+O411/CP)^(CP/periods_per_year))-1,nper-M411+1,S410),2))))) | R411: =IF(M411="","",Q411-P411) | S411: =IF(M411="","",S410-R411)
A412: =IF(J411="","",IF(OR(A411>=nper,ROUND(J411,2)<=0),"",A411+1)) | B412: =IF(A412="","",IF(OR(periods_per_year=26,periods_per_year=52),IF(periods_per_year=26,IF(A412=1,fpdate,B411+14),IF(periods_per_year=52,IF(A412=1,fpdate,B411+7),"n/a")),IF(periods_per_year=24,DATE(YEAR(fpdate),MONTH(fpdate)+(A412-1)/2+IF(AND(DAY(fpdate)>=15,MOD(A412,2)=0),1,0),IF(MOD(A412,2)=0,IF(DAY(fpdate)>=15,DAY(fpdate)-14,DAY(fpdate)+14),DAY(fpdate))),IF(DAY(DATE(YEAR(fpdate),MONTH(fpdate)+A412-1,DAY(fpdate)))<>DAY(fpdate),DATE(YEAR(fpdate),MONTH(fpdate)+A412,0),DATE(YEAR(fpdate),MONTH(fpdate)+A412-1,DAY(fpdate)))))) | C412: =IF(A412="","",IF(MOD(A412,periods_per_year)=0,A412/periods_per_year,"")) | D412: =IF(A412="","",IF(variable,IF(OR(A412=1,A412<$I$18*periods_per_year),start_rate,MIN($I$19,IF(MOD(A412-1,$I$21)=0,MAX($I$20,D411+$I$22),D411))),start_rate)) | E412: =IF(A412="","",ROUND((((1+D412/CP)^(CP/periods_per_year))-1)*J411,2)) | F412: =IF(A412="","",IF(A412=nper,J411+E412,MIN(J411+E412,IF(D412=D411,F411,IF($E$8="Acc Bi-Weekly",ROUND((-PMT(((1+D412/CP)^(CP/12))-1,(nper-A412+1)*12/26,J411))/2,2),IF($E$8="Acc Weekly",ROUND((-PMT(((1+D412/CP)^(CP/12))-1,(nper-A412+1)*12/52,J411))/4,2),ROUND(-PMT(((1+D412/CP)^(CP/periods_per_year))-1,nper-A412+1,J411),2))))))) | G412: =IF(OR(A412="",A412<$X$2),"",IF(J411<=F412,0,IF(IF(AND(A412>=$X$2,MOD(A412-$X$2,int)=0),$X$3,0)+F412>=J411+E412,J411+E412-F412,IF(AND(A412>=$X$2,MOD(A412-$X$2,int)=0),$X$3,0)+IF(IF(AND(A412>=$X$2,MOD(A412-$X$2,int)=0),$X$3,0)+IF(MOD(A412-$X$6,periods_per_year)=0,$X$5,0)+F412<J411+E412,IF(MOD(A412-$X$6,periods_per_year)=0,$X$5,0),J411+E412-IF(AND(A412>=$X$2,MOD(A412-$X$2,int)=0),$X$3,0)-F412)))) | I412: =IF(A412="","",F412-E412+H412+IF(G412="",0,G412)) | J412: =IF(A412="","",J411-I412) | M412: =IF(S411="","",IF(OR(M411>=nper,ROUND(S411,2)<=0),"",M411+1)) | N412: =IF(M412="","",IF(OR(periods_per_year=26,periods_per_year=52),IF(periods_per_year=26,IF(M412=1,fpdate,N411+14),IF(periods_per_year=52,IF(M412=1,fpdate,N411+7),"n/a")),IF(periods_per_year=24,DATE(YEAR(fpdate),MONTH(fpdate)+(M412-1)/2+IF(AND(DAY(fpdate)>=15,MOD(M412,2)=0),1,0),IF(MOD(M412,2)=0,IF(DAY(fpdate)>=15,DAY(fpdate)-14,DAY(fpdate)+14),DAY(fpdate))),IF(DAY(DATE(YEAR(fpdate),MONTH(fpdate)+M412-1,DAY(fpdate)))<>DAY(fpdate),DATE(YEAR(fpdate),MONTH(fpdate)+M412,0),DATE(YEAR(fpdate),MONTH(fpdate)+M412-1,DAY(fpdate)))))) | O412: =IF(M412="","",IF(variable,IF(M412<MortgageCalculator!$I$18*periods_per_year,start_rate,IF(MortgageCalculator!$I$22>=0,MIN(MortgageCalculator!$I$19,start_rate+MortgageCalculator!$I$22*ROUNDUP((M412-MortgageCalculator!$I$18*periods_per_year)/MortgageCalculator!$I$21,0)),MAX(MortgageCalculator!$I$20,start_rate+MortgageCalculator!$I$22*ROUNDUP((M412-MortgageCalculator!$I$18*periods_per_year)/MortgageCalculator!$I$21,0)))),start_rate)) | P412: =IF(M412="","",ROUND((((1+O412/CP)^(CP/periods_per_year))-1)*S411,2)) | Q412: =IF(M412="","",IF(M412=nper,S411+P412,MIN(S411+P412,IF(O412=O411,Q411,ROUND(-PMT(((1+O412/CP)^(CP/periods_per_year))-1,nper-M412+1,S411),2))))) | R412: =IF(M412="","",Q412-P412) | S412: =IF(M412="","",S411-R412)
A413: =IF(J412="","",IF(OR(A412>=nper,ROUND(J412,2)<=0),"",A412+1)) | B413: =IF(A413="","",IF(OR(periods_per_year=26,periods_per_year=52),IF(periods_per_year=26,IF(A413=1,fpdate,B412+14),IF(periods_per_year=52,IF(A413=1,fpdate,B412+7),"n/a")),IF(periods_per_year=24,DATE(YEAR(fpdate),MONTH(fpdate)+(A413-1)/2+IF(AND(DAY(fpdate)>=15,MOD(A413,2)=0),1,0),IF(MOD(A413,2)=0,IF(DAY(fpdate)>=15,DAY(fpdate)-14,DAY(fpdate)+14),DAY(fpdate))),IF(DAY(DATE(YEAR(fpdate),MONTH(fpdate)+A413-1,DAY(fpdate)))<>DAY(fpdate),DATE(YEAR(fpdate),MONTH(fpdate)+A413,0),DATE(YEAR(fpdate),MONTH(fpdate)+A413-1,DAY(fpdate)))))) | C413: =IF(A413="","",IF(MOD(A413,periods_per_year)=0,A413/periods_per_year,"")) | D413: =IF(A413="","",IF(variable,IF(OR(A413=1,A413<$I$18*periods_per_year),start_rate,MIN($I$19,IF(MOD(A413-1,$I$21)=0,MAX($I$20,D412+$I$22),D412))),start_rate)) | E413: =IF(A413="","",ROUND((((1+D413/CP)^(CP/periods_per_year))-1)*J412,2)) | F413: =IF(A413="","",IF(A413=nper,J412+E413,MIN(J412+E413,IF(D413=D412,F412,IF($E$8="Acc Bi-Weekly",ROUND((-PMT(((1+D413/CP)^(CP/12))-1,(nper-A413+1)*12/26,J412))/2,2),IF($E$8="Acc Weekly",ROUND((-PMT(((1+D413/CP)^(CP/12))-1,(nper-A413+1)*12/52,J412))/4,2),ROUND(-PMT(((1+D413/CP)^(CP/periods_per_year))-1,nper-A413+1,J412),2))))))) | G413: =IF(OR(A413="",A413<$X$2),"",IF(J412<=F413,0,IF(IF(AND(A413>=$X$2,MOD(A413-$X$2,int)=0),$X$3,0)+F413>=J412+E413,J412+E413-F413,IF(AND(A413>=$X$2,MOD(A413-$X$2,int)=0),$X$3,0)+IF(IF(AND(A413>=$X$2,MOD(A413-$X$2,int)=0),$X$3,0)+IF(MOD(A413-$X$6,periods_per_year)=0,$X$5,0)+F413<J412+E413,IF(MOD(A413-$X$6,periods_per_year)=0,$X$5,0),J412+E413-IF(AND(A413>=$X$2,MOD(A413-$X$2,int)=0),$X$3,0)-F413)))) | I413: =IF(A413="","",F413-E413+H413+IF(G413="",0,G413)) | J413: =IF(A413="","",J412-I413) | M413: =IF(S412="","",IF(OR(M412>=nper,ROUND(S412,2)<=0),"",M412+1)) | N413: =IF(M413="","",IF(OR(periods_per_year=26,periods_per_year=52),IF(periods_per_year=26,IF(M413=1,fpdate,N412+14),IF(periods_per_year=52,IF(M413=1,fpdate,N412+7),"n/a")),IF(periods_per_year=24,DATE(YEAR(fpdate),MONTH(fpdate)+(M413-1)/2+IF(AND(DAY(fpdate)>=15,MOD(M413,2)=0),1,0),IF(MOD(M413,2)=0,IF(DAY(fpdate)>=15,DAY(fpdate)-14,DAY(fpdate)+14),DAY(fpdate))),IF(DAY(DATE(YEAR(fpdate),MONTH(fpdate)+M413-1,DAY(fpdate)))<>DAY(fpdate),DATE(YEAR(fpdate),MONTH(fpdate)+M413,0),DATE(YEAR(fpdate),MONTH(fpdate)+M413-1,DAY(fpdate)))))) | O413: =IF(M413="","",IF(variable,IF(M413<MortgageCalculator!$I$18*periods_per_year,start_rate,IF(MortgageCalculator!$I$22>=0,MIN(MortgageCalculator!$I$19,start_rate+MortgageCalculator!$I$22*ROUNDUP((M413-MortgageCalculator!$I$18*periods_per_year)/MortgageCalculator!$I$21,0)),MAX(MortgageCalculator!$I$20,start_rate+MortgageCalculator!$I$22*ROUNDUP((M413-MortgageCalculator!$I$18*periods_per_year)/MortgageCalculator!$I$21,0)))),start_rate)) | P413: =IF(M413="","",ROUND((((1+O413/CP)^(CP/periods_per_year))-1)*S412,2)) | Q413: =IF(M413="","",IF(M413=nper,S412+P413,MIN(S412+P413,IF(O413=O412,Q412,ROUND(-PMT(((1+O413/CP)^(CP/periods_per_year))-1,nper-M413+1,S412),2))))) | R413: =IF(M413="","",Q413-P413) | S413: =IF(M413="","",S412-R413)
A414: =IF(J413="","",IF(OR(A413>=nper,ROUND(J413,2)<=0),"",A413+1)) | B414: =IF(A414="","",IF(OR(periods_per_year=26,periods_per_year=52),IF(periods_per_year=26,IF(A414=1,fpdate,B413+14),IF(periods_per_year=52,IF(A414=1,fpdate,B413+7),"n/a")),IF(periods_per_year=24,DATE(YEAR(fpdate),MONTH(fpdate)+(A414-1)/2+IF(AND(DAY(fpdate)>=15,MOD(A414,2)=0),1,0),IF(MOD(A414,2)=0,IF(DAY(fpdate)>=15,DAY(fpdate)-14,DAY(fpdate)+14),DAY(fpdate))),IF(DAY(DATE(YEAR(fpdate),MONTH(fpdate)+A414-1,DAY(fpdate)))<>DAY(fpdate),DATE(YEAR(fpdate),MONTH(fpdate)+A414,0),DATE(YEAR(fpdate),MONTH(fpdate)+A414-1,DAY(fpdate)))))) | C414: =IF(A414="","",IF(MOD(A414,periods_per_year)=0,A414/periods_per_year,"")) | D414: =IF(A414="","",IF(variable,IF(OR(A414=1,A414<$I$18*periods_per_year),start_rate,MIN($I$19,IF(MOD(A414-1,$I$21)=0,MAX($I$20,D413+$I$22),D413))),start_rate)) | E414: =IF(A414="","",ROUND((((1+D414/CP)^(CP/periods_per_year))-1)*J413,2)) | F414: =IF(A414="","",IF(A414=nper,J413+E414,MIN(J413+E414,IF(D414=D413,F413,IF($E$8="Acc Bi-Weekly",ROUND((-PMT(((1+D414/CP)^(CP/12))-1,(nper-A414+1)*12/26,J413))/2,2),IF($E$8="Acc Weekly",ROUND((-PMT(((1+D414/CP)^(CP/12))-1,(nper-A414+1)*12/52,J413))/4,2),ROUND(-PMT(((1+D414/CP)^(CP/periods_per_year))-1,nper-A414+1,J413),2))))))) | G414: =IF(OR(A414="",A414<$X$2),"",IF(J413<=F414,0,IF(IF(AND(A414>=$X$2,MOD(A414-$X$2,int)=0),$X$3,0)+F414>=J413+E414,J413+E414-F414,IF(AND(A414>=$X$2,MOD(A414-$X$2,int)=0),$X$3,0)+IF(IF(AND(A414>=$X$2,MOD(A414-$X$2,int)=0),$X$3,0)+IF(MOD(A414-$X$6,periods_per_year)=0,$X$5,0)+F414<J413+E414,IF(MOD(A414-$X$6,periods_per_year)=0,$X$5,0),J413+E414-IF(AND(A414>=$X$2,MOD(A414-$X$2,int)=0),$X$3,0)-F414)))) | I414: =IF(A414="","",F414-E414+H414+IF(G414="",0,G414)) | J414: =IF(A414="","",J413-I414) | M414: =IF(S413="","",IF(OR(M413>=nper,ROUND(S413,2)<=0),"",M413+1)) | N414: =IF(M414="","",IF(OR(periods_per_year=26,periods_per_year=52),IF(periods_per_year=26,IF(M414=1,fpdate,N413+14),IF(periods_per_year=52,IF(M414=1,fpdate,N413+7),"n/a")),IF(periods_per_year=24,DATE(YEAR(fpdate),MONTH(fpdate)+(M414-1)/2+IF(AND(DAY(fpdate)>=15,MOD(M414,2)=0),1,0),IF(MOD(M414,2)=0,IF(DAY(fpdate)>=15,DAY(fpdate)-14,DAY(fpdate)+14),DAY(fpdate))),IF(DAY(DATE(YEAR(fpdate),MONTH(fpdate)+M414-1,DAY(fpdate)))<>DAY(fpdate),DATE(YEAR(fpdate),MONTH(fpdate)+M414,0),DATE(YEAR(fpdate),MONTH(fpdate)+M414-1,DAY(fpdate)))))) | O414: =IF(M414="","",IF(variable,IF(M414<MortgageCalculator!$I$18*periods_per_year,start_rate,IF(MortgageCalculator!$I$22>=0,MIN(MortgageCalculator!$I$19,start_rate+MortgageCalculator!$I$22*ROUNDUP((M414-MortgageCalculator!$I$18*periods_per_year)/MortgageCalculator!$I$21,0)),MAX(MortgageCalculator!$I$20,start_rate+MortgageCalculator!$I$22*ROUNDUP((M414-MortgageCalculator!$I$18*periods_per_year)/MortgageCalculator!$I$21,0)))),start_rate)) | P414: =IF(M414="","",ROUND((((1+O414/CP)^(CP/periods_per_year))-1)*S413,2)) | Q414: =IF(M414="","",IF(M414=nper,S413+P414,MIN(S413+P414,IF(O414=O413,Q413,ROUND(-PMT(((1+O414/CP)^(CP/periods_per_year))-1,nper-M414+1,S413),2))))) | R414: =IF(M414="","",Q414-P414) | S414: =IF(M414="","",S413-R414)
... A1603: =IF(J1602="","",IF(OR(A1602>=nper,ROUND(J1602,2)<=0),"",A1602+1)) | B1603: =IF(A1603="","",IF(OR(periods_per_year=26,periods_per_year=52),IF(periods_per_year=26,IF(A1603=1,fpdate,B1602+14),IF(periods_per_year=52,IF(A1603=1,fpdate,B1602+7),"n/a")),IF(periods_per_year=24,DATE(YEAR(fpdate),MONTH(fpdate)+(A1603-1)/2+IF(AND(DAY(fpdate)>=15,MOD(A1603,2)=0),1,0),IF(MOD(A1603,2)=0,IF(DAY(fpdate)>=15,DAY(fpdate)-14,DAY(fpdate)+14),DAY(fpdate))),IF(DAY(DATE(YEAR(fpdate),MONTH(fpdate)+A1603-1,DAY(fpdate)))<>DAY(fpdate),DATE(YEAR(fpdate),MONTH(fpdate)+A1603,0),DATE(YEAR(fpdate),MONTH(fpdate)+A1603-1,DAY(fpdate)))))) | C1603: =IF(A1603="","",IF(MOD(A1603,periods_per_year)=0,A1603/periods_per_year,"")) | D1603: =IF(A1603="","",IF(variable,IF(OR(A1603=1,A1603<$I$18*periods_per_year),start_rate,MIN($I$19,IF(MOD(A1603-1,$I$21)=0,MAX($I$20,D1602+$I$22),D1602))),start_rate)) | E1603: =IF(A1603="","",ROUND((((1+D1603/CP)^(CP/periods_per_year))-1)*J1602,2)) | F1603: =IF(A1603="","",IF(A1603=nper,J1602+E1603,MIN(J1602+E1603,IF(D1603=D1602,F1602,IF($E$8="Acc Bi-Weekly",ROUND((-PMT(((1+D1603/CP)^(CP/12))-1,(nper-A1603+1)*12/26,J1602))/2,2),IF($E$8="Acc Weekly",ROUND((-PMT(((1+D1603/CP)^(CP/12))-1,(nper-A1603+1)*12/52,J1602))/4,2),ROUND(-PMT(((1+D1603/CP)^(CP/periods_per_year))-1,nper-A1603+1,J1602),2))))))) | G1603: =IF(OR(A1603="",A1603<$X$2),"",IF(J1602<=F1603,0,IF(IF(AND(A1603>=$X$2,MOD(A1603-$X$2,int)=0),$X$3,0)+F1603>=J1602+E1603,J1602+E1603-F1603,IF(AND(A1603>=$X$2,MOD(A1603-$X$2,int)=0),$X$3,0)+IF(IF(AND(A1603>=$X$2,MOD(A1603-$X$2,int)=0),$X$3,0)+IF(MOD(A1603-$X$6,periods_per_year)=0,$X$5,0)+F1603<J1602+E1603,IF(MOD(A1603-$X$6,periods_per_year)=0,$X$5,0),J1602+E1603-IF(AND(A1603>=$X$2,MOD(A1603-$X$2,int)=0),$X$3,0)-F1603)))) | I1603: =IF(A1603="","",F1603-E1603+H1603+IF(G1603="",0,G1603)) | J1603: =IF(A1603="","",J1602-I1603) | M1603: =IF(S1602="","",IF(OR(M1602>=nper,ROUND(S1602,2)<=0),"",M1602+1)) | N1603: =IF(M1603="","",IF(OR(periods_per_year=26,periods_per_year=52),IF(periods_per_year=26,IF(M1603=1,fpdate,N1602+14),IF(periods_per_year=52,IF(M1603=1,fpdate,N1602+7),"n/a")),IF(periods_per_year=24,DATE(YEAR(fpdate),MONTH(fpdate)+(M1603-1)/2+IF(AND(DAY(fpdate)>=15,MOD(M1603,2)=0),1,0),IF(MOD(M1603,2)=0,IF(DAY(fpdate)>=15,DAY(fpdate)-14,DAY(fpdate)+14),DAY(fpdate))),IF(DAY(DATE(YEAR(fpdate),MONTH(fpdate)+M1603-1,DAY(fpdate)))<>DAY(fpdate),DATE(YEAR(fpdate),MONTH(fpdate)+M1603,0),DATE(YEAR(fpdate),MONTH(fpdate)+M1603-1,DAY(fpdate)))))) | O1603: =IF(M1603="","",IF(variable,IF(M1603<MortgageCalculator!$I$18*periods_per_year,start_rate,IF(MortgageCalculator!$I$22>=0,MIN(MortgageCalculator!$I$19,start_rate+MortgageCalculator!$I$22*ROUNDUP((M1603-MortgageCalculator!$I$18*periods_per_year)/MortgageCalculator!$I$21,0)),MAX(MortgageCalculator!$I$20,start_rate+MortgageCalculator!$I$22*ROUNDUP((M1603-MortgageCalculator!$I$18*periods_per_year)/MortgageCalculator!$I$21,0)))),start_rate)) | P1603: =IF(M1603="","",ROUND((((1+O1603/CP)^(CP/periods_per_year))-1)*S1602,2)) | Q1603: =IF(M1603="","",IF(M1603=nper,S1602+P1603,MIN(S1602+P1603,IF(O1603=O1602,Q1602,ROUND(-PMT(((1+O1603/CP)^(CP/periods_per_year))-1,nper-M1603+1,S1602),2))))) | R1603: =IF(M1603="","",Q1603-P1603) | S1603: =IF(M1603="","",S1602-R1603)
S1604: =IF(OFFSET(S1604,-1,0,1,1)="","",ROUND(OFFSET(S1604,-1,0,1,1),0))
A1605: [42]

Sheet Help
A1: HELP
A2: https://www.vertex42.com/Calculators/home-mortgage-calculator.html | C2: © 2007-2017 Vertex42 LLC
A4: About This Template
B5: This spreadsheet lets you analyze a fixed or variable rate home mortgage. You can set up periodic extra payments, or add additional payments manually within the Payment Schedule. Use the spreadsheet to compare different term lengths, rates, loan amounts, and the savings from making extra payments. It also calculates the outstanding balance at the end of a specified number of years and the tax returned if the interest paid is tax deductible.
B7: Caution: This spreadsheet should not be construed as financial advice. The results may not be exact, and may not apply to your specific situation. Please consult a qualified professional regarding financial decisions.
A9: Instructions For Using This Template
B10: 1. Enter the loan amount, interest rate, term length, and first payment date.
B12: 2. Choose type of mortgage: Variable or Fixed rate.
B14: 3. Move your mouse over the cells with the red triangles for additional information and instructions.
B16: Edit the CLEAR (white) cells. In the Payment Schedule edit the YELLOW cells.
B18: Try using Excel's built-in Goal Seek utility (Data > What-If Analysis > Goal Seek) to solve for a Loan Amount that results in a specific Monthly Payment.
B20: Note: The payment and the interest are rounded to the nearest cent. The last payment is adjusted to bring the balance to zero.
A22: Additional Help
B23: The link at the top of this worksheet will take you to the web page on vertex42.com that talks about this template.
B25: REFERENCES
A27: SEE ALSO | B27: Vertex42.com: Loan Amortization Schedule
A29: SEE ALSO | B29: Vertex42.com: Personal Budget Spreadsheet
A31: TIPS | B31: Vertex42.com: Spreadsheet Tips Workbook

Sheet ©
A1: Home Mortgage Calculator
B3: By Vertex42.com
B4: https://www.vertex42.com/Calculators/home-mortgage-calculator.html
B6: © 2007-2017 Vertex42 LLC
B8: This spreadsheet, including all worksheets and associated content is a copyrighted work under the United States and other copyright laws.
B10: Do not submit copies or modifications of this template to any website or online template gallery.
B12: Please review the following license agreement to learn how you may or may not use this template. Thank you.
B14: https://www.vertex42.com/licensing/EULA_personaluse.html
B16: Do not delete this worksheet
